 Dungeon Crawl Stone Soup version 0.30-a0-989-g0d87f670db (webtiles) character file.

Game seed: 13663358514550355458

889015 bobo the Conqueror (level 27, -3/199 HPs)
             Began as a Gargoyle Fighter on Mar 28, 2023.
             Was the Champion of the Shining One.
             Slain by a tentacle (10 damage)
             ... attached to a kraken simulacrum
             ... on level 7 of Cocytus on Apr 3, 2023.
             The game lasted 08:15:49 (82820 turns).

bobo the Conqueror (Gargoyle Fighter)              Turns: 82820, Time: 08:15:50

Health: -3/199     AC: 68    Str: 37      XL:     27
Magic:  4/46       EV: 12    Int: 25 (26) God:    the Shining One [******]
Gold:   8869       SH: 30    Dex: 11      Spells: 9/56 levels left

rFire   + + +      SeeInvis .    s - +6 eveningstar (holy)
rCold   + + +      Faith    .    k - +2 shield of Resistance {rF++ rC++ Will++}
rNeg    + + +      Spirit   .    x - +6 gold dragon scales
rPois   ∞          Reflect  .    P - +2 helmet {Int+3}
rElec   +          Rampage  .    N - +2 cloak {Will+}
rCorr   +                        y - +3 pair of gauntlets of War {Slay+5}
Will    +++++                    C - +2 pair of boots of Resonance {Dex+3} Stlth
                                 n - amulet of regeneration
HPRegen 1.33/turn                L - ring of the Cockatrice {Will+ Str+3 Int+6}
MPRegen 0.30/turn                R - ring "Bamisaw" {Will+ rCorr Int+5}

@: divinely shielded, about to teleport, marked, flying, glowing, studying 2
skills, unable to drink
A: sickness immunity, AC +20, big wings, negative energy resistance 1,
electricity resistance, torment resistance 1, petrification resistance, claws 1,
hooves 1, fire resistance 1, high MP 1, strong 1, MP-powered wands
}: 7/15 runes: decaying, slimy, silver, obsidian, bone, abyssal, gossamer
a: Renounce Religion, Divine Shield, Cleansing Flame, Summon Divine Warrior


You were on level 7 of Cocytus.
You worshipped the Shining One.
The Shining One was exalted by your worship.
You visited 17 branches of the dungeon, and saw 82 of its levels.
You visited the Abyss 1 time.
You also visited: Ossuary, Gauntlet and Volcano.

You collected 13246 gold pieces.
You spent 4053 gold pieces at shops.
You donated 324 gold pieces to Zin.

Inventory:

Hand Weapons
 a - a +9 heavy morningstar
 s - a +6 eveningstar of holy wrath (weapon)
Missiles
 Q - 12 javelins
 W - 15 silver javelins
Armour
 k - the +2 shield of Resistance (worn) {rF++ rC++ Will++}
   (You found it on level 2 of the Swamp)

   rF:        It greatly protects you from fire.
   rC:        It greatly protects you from cold.
   Will:      It greatly increases your willpower.
 x - +6 gold dragon scales (worn)
 y - the +3 pair of gauntlets of War (worn) {Slay+5}
   (You found it on level 3 of the Crypt)

   Slay:      It affects your accuracy & damage with ranged weapons and melee
   (+5).
 C - the +2 pair of boots of Resonance (worn) {Dex+3}
   (You found it on level 3 of the Crypt)

   Dex:       It affects your dexterity (+3).
 N - a +2 cloak of willpower (worn)
 P - a +2 helmet of intelligence (worn)
Jewellery
 n - an amulet of regeneration (around neck)
 E - the macabre finger necklace {Finger+ rN+}
   (You found it on level 3 of the Elven Halls)

   [amulet of nothing]

   Finger+:   It enables you to equip an extra ring.
   rN:        It protects you from negative energy.
 G - the ring of the Mage {Wiz Archmagi}
   (You found it on level 7 of Tartarus)

   [ring of wizardry]

   It improves your spell success rate.
   Archmagi:  It increases the power of your magical spells.
 L - the ring of the Cockatrice (left hand) {Will+ Str+3 Int+6}
   (You found it on level 8 of the Dungeon)

   [ring of intelligence]

   Str:       It affects your strength (+3).
   Int:       It affects your intelligence (+6).
   Will:      It increases your willpower.
 R - the ring "Bamisaw" (right hand) {Will+ rCorr Int+5}
   (You took it off a deep elf zephyrmancer on level 3 of the Elven Halls)

   [ring of resist corrosion]

   Int:       It affects your intelligence (+5).
   rCorr:     It protects you from acid and corrosion.
   Will:      It increases your willpower.
 V - the amulet "Ucimpogo" {Reflect rC+ SH+5 SInv}
   (You found it on level 3 of the Elven Halls)

   [amulet of reflection]

   It reflects blocked missile attacks.
   rC:        It protects you from cold.
   SInv:      It lets you see invisible.
   SH:        It affects your SH (+5).
Wands
 p - a wand of roots (50)
 u - a wand of polymorph (14)
 F - a wand of digging (23)
 U - a wand of mindburst (17)
 X - a wand of light (33)
Scrolls
 e - 5 scrolls of poison
 h - 10 scrolls of teleportation
 j - 9 scrolls of amnesia
 m - 2 scrolls of silence
 q - 10 scrolls of fog
 A - 6 scrolls of immolation
 J - 3 scrolls of magic mapping
 K - a scroll of summoning
 M - 5 scrolls of fear
 Y - a scroll of brand weapon
Potions
 b - 9 potions of brilliance
 c - 2 potions of haste
 f - a potion of resistance
 i - 4 potions of magic
 l - 8 potions of mutation
 o - 35 potions of curing
 r - 14 potions of ambrosia
 v - 7 potions of berserk rage
 w - 6 potions of cancellation
 z - 22 potions of heal wounds
 D - 4 potions of might
 H - 13 potions of lignification
Miscellaneous
 g - a phial of floods
 t - a box of beasts
 O - a tin of tremorstones (2/2)
 S - a lightning rod (4/4)
 T - a phantom mirror
 Z - a condenser vane


   Skills:
 O Level 27 Fighting
 * Level 18.6 Maces & Flails
 - Level 11.8 Throwing
 + Level 23.2 Armour
 + Level 14.7 Dodging
 + Level 20.3 Shields
 - Level 15.0 Spellcasting
 - Level 12.0 Hexes
 - Level 11.9 Summonings
 - Level 16.1 Translocations
 - Level 12.0 Transmutations
 - Level 12.0 Air Magic
 + Level 8.3 Earth Magic
 - Level 17.7 Invocations
 - Level 11.3 Evocations


You had 9 spell levels left.
You knew the following spells:

 Your Spells              Type           Power      Damage    Failure   Level
a - Manifold Assault      Tloc           79%        N/A       1%          4
d - Animate Armour        Summ/Erth      100%       N/A       3%          4
e - Lee's Rapid Deconstr  Erth           28%        3d15*     19%         5
f - Summon Forest         Summ/Tloc      36%        N/A       1%          5
l - Leda's Liquefaction   Hex/Erth       31%        N/A       3%          4
r - Swiftness             Air            68%        N/A       1%          3
s - Vhi's Electric Charg  Tloc/Air       100%       N/A       1%          3
v - Summon Mana Viper     Hex/Summ       68%        N/A       4%          5
w - Passwall              Tmut/Erth      51%        N/A       1%          2
y - Yara's Violent Unrav  Hex/Tmut       34%        3d14      4%          5
S - Silence               Hex/Air        34%        N/A       4%          5
Z - Blink                 Tloc           100%       N/A       1%          2

Your spell library contained the following spells:

 Spells                   Type           Power      Damage    Failure   Level
 Apportation              Tloc           100%       N/A       1%          1
 Beastly Appendage        Tmut           100%       N/A       1%          1
 Sandblast                Erth           100%       2d20      1%          1
 Shock                    Conj/Air       100%       1d9       1%          1
 Slow                     Hex            100%       N/A       1%          1
 Summon Small Mammal      Summ           100%       N/A       1%          1
 Call Imp                 Summ           68%        N/A       1%          2
 Lesser Beckoning         Tloc           100%       N/A       1%          2
 Momentum Strike          Conj/Tloc      100%       3d10      1%          2
 Wereblood                Tmut           68%        N/A       1%          2
 Call Canine Familiar     Summ           68%        N/A       1%          3
 Confusing Touch          Hex            68%        N/A       1%          3
 Gell's Gravitas          Tloc           79%        N/A       1%          3
 Kindle Blastsparks       Fire/Tloc/Air  100%       2d18      1%          3
 Portal Projectile        Hex/Tloc       100%       N/A       1%          3
 Summon Guardian Golem    Hex/Summ       68%        N/A       1%          3
 Teleport Other           Tloc           79%        N/A       1%          3
 Tukima's Dance           Hex            68%        N/A       1%          3
 Airstrike                Air            34%        2d(5-21)  1%          4
 Cause Fear               Hex            34%        N/A       1%          4
 Passage of Golubria      Tloc           79%        N/A       1%          4
 Summon Lightning Spire   Summ/Air       68%        N/A       1%          4
 Poisonous Vapours        Pois/Air       96%        N/A       2%          2
 Static Discharge         Conj/Air       96%        2-6/arc   2%          2
 Blade Hands              Tmut           34%        N/A       4%          5
 Dispersal                Tloc           39%        N/A       4%          6
 Dazzling Flash           Conj/Hex       96%        N/A       5%          3
 Spider Form              Tmut/Pois      48%        N/A       5%          3
 Iskenderun's Mystic Bla  Conj/Tloc      56%        2d12      8%          4
 Ignite Poison            Fire/Tmut/Pois 38%        N/A       12%         3
 Mephitic Cloud           Conj/Pois/Air  38%        N/A       12%         3
 Stone Arrow              Conj/Erth      78%        3d11      12%         3
 Anguish                  Hex/Necr       24%        N/A       17%         4
 Fulminant Prism          Conj/Hex       24%        3d12      17%         4
 Foxfire                  Conj/Fire      72%        2x1d4     21%         1
 Kiss of Death            Conj/Necr      72%        2d10      21%         1
 Magic Dart               Conj           72%        1d6       21%         1
 Necrotise                Necr           72%        1d7       21%         1
 Summon Cactus Giant      Summ           34%        N/A       24%         6
 Scorch                   Fire           36%        2d6       30%         2
 Alistair's Intoxication  Tmut/Pois      32%        N/A       43%         5
 Arcjolt                  Conj/Air       24%        1d34      43%         5
 Plasma Beam              Fire/Air       24%        2x1d26    43%         5
 Hailstorm                Conj/Ice       18%        3d6       52%         3
 Vampiric Draining        Necr           18%        2d7       52%         3
 Borgnjor's Vile Clutch   Necr/Erth      19%        N/A       71%         5
 Freezing Cloud           Conj/Ice/Air   19%        6-21      73%         5
 Dragon Form              Tmut           34%        N/A       77%         7
 Enfeeble                 Hex            34%        N/A       77%         7
 Storm Form               Tmut/Air       34%        N/A       77%         7
 Monstrous Menagerie      Summ           34%        N/A       78%         7
 Summon Hydra             Summ           34%        N/A       78%         7
 Animate Dead             Necr           18%        N/A       90%         4
 Dispel Undead            Necr           18%        3d11      90%         4
 Flame Wave               Conj/Fire      18%        2d7       90%         4
 Olgreb's Toxic Radiance  Pois           18%        N/A       90%         4
 Sticky Flame             Conj/Fire      18%        2d4       90%         4
 Eringya's Noxious Bog    Tmut/Pois      24%        N/A       95%         6
 Agony                    Necr           18%        N/A       99%         5
 Fireball                 Conj/Fire      9%         3d6       99%         5
 Iskenderun's Battlesphe  Conj           18%        2d7       99%         5
 Iron Shot                Conj/Erth      19%        9d4       99%         6
 Simulacrum               Ice/Necr       9%         N/A       100%        6
 Starburst                Conj/Fire      9%         6d5       100%        6
 Haunt                    Necr/Summ      24%        N/A       100%        7
 Ozocubu's Refrigeration  Ice            9%         4d9       100%        7
 Spellforged Servitor     Conj/Summ      24%        N/A       100%        7
 Discord                  Hex            34%        N/A       100%        8
 Ignition                 Fire           9%         3d5       100%        8
 Lehudib's Crystal Spear  Conj/Erth      19%        10d6      100%        8
 Summon Horrible Things   Summ           34%        N/A       100%        8
 Chain Lightning          Conj/Air       24%        3d32      100%        9
 Dragon's Call            Summ           34%        N/A       100%        9
 Fire Storm               Conj/Fire      9%         8d2       100%        9
 Polar Vortex             Ice            9%         N/A       100%        9
 Shatter                  Erth           28%        3d24*     100%        9
 Cigotuvi's Dreadful Rot  Necr/Pois/Air  Unusable   N/A       N/A         2
 Sublimation of Blood     Necr           Unusable   N/A       N/A         2
 Statue Form              Tmut/Erth      Unusable   N/A       N/A         6

Dungeon Overview and Level Annotations

Branches:
Dungeon (15/15)            Temple (0/1) D:5            Lair (5/5) D:10
  Swamp (4/4) Lair:3       Spider (4/4) Lair:2        Slime (5/5) Lair:4
    Orc (2/2) D:12            Elf (3/3) Orc:2        Vaults (5/5) D:14
  Crypt (3/3) Vaults:3       Tomb (3/3) Crypt:3      Depths (4/4) D:15
   Hell (visited)             Dis (3/7) Hell            Geh (7/7) Hell
    Coc (7/7) Hell            Tar (7/7) Hell            Zot (5/5) Depths:4
Ossuary (visited)         Volcano (visited)         Gauntlet (visited)

Altars:
Dithmenos
Fedhas
Gozag
Hepliaklqana
Kikubaaqudgha
Makhleb
Okawaru
Sif Muna
Uskayaw
Vehumet
Xom
Yredelemnul
Zin
The Shining One
Jiyva

Shops:
D:3 =!([!   D:11 (   Orc:2 ([=*   Elf:2 =   Elf:3 *   Vaults:4 [   Depths:1 !

Portals:
Hell: Depths:1 Depths:2 Depths:3 Depths:4
Abyss: D:11 Depths:3 Depths:4
Pandemonium: Depths:2
Ziggurat: Depths:1

Annotations:
Depths:1 exclusion: downstairs
Geh:6 9 runed translucent doors
Zot:2 2 transporters
Zot:3 4 transporters


Innate Abilities, Weirdness & Mutations

You are immune to sickness and miasma.
Your stone body is resilient. (AC +20)
You are immune to poison.
Your large and strong wings let you fly.
You resist negative energy. (rN+)
You are resistant to electric shocks. (rElec)
You are resistant to unholy torment.
You are immune to petrification.
You have sharp fingernails.
You have large cloven feet.
Your flesh is heat resistant. (rF+)
You have an increased reservoir of magic. (+10% MP)
Your muscles are strong. (Str +4, Int/Dex -1)
You expend magic power (3 MP) to strengthen your wands.


Message History

* * * LOW HITPOINT WARNING * * *
The bolt of cold hits the eight-headed hydra simulacrum.
The eight-headed hydra simulacrum completely resists.
As you read the scroll of fog, it crumbles to dust.
The scroll dissolves into smoke.
You are engulfed in freezing vapours.
You resist. The shard shrike claws you.
* * * LOW HITPOINT WARNING * * *
The shard shrike freezes you. You resist.
* * * LOW HITPOINT WARNING * * *
A shard shrike comes into view.
The kraken simulacrum closely misses you.
You block the eight-headed hydra simulacrum's attack. x3
The eight-headed hydra simulacrum bites you but does no damage.
The eight-headed hydra simulacrum closely misses you.
You block the eight-headed hydra simulacrum's attack. x2
The eight-headed hydra simulacrum bites you but does no damage.
The shard shrike completely misses you. You block the shard shrike's attack.
Tentacles burst out of the water!
A wendigo comes into view.
The Ice Fiend claws you but does no damage. x2 4 tentacles come into view.
You impale the Ice Fiend!!
The Ice Fiend convulses!
The Ice Fiend is almost dead.
You block the shard shrike's attack. x2
The shard shrike claws you but does no damage.
You block the shard shrike's attack.
The tentacle slaps you but does no damage.
You block the eight-headed hydra simulacrum's attack.
The eight-headed hydra simulacrum bites you but does no damage. x4
You block the eight-headed hydra simulacrum's attack.
The eight-headed hydra simulacrum bites you but does no damage.
The eight-headed hydra simulacrum misses you.
You hit the Ice Fiend.
The Ice Fiend convulses.
The Ice Fiend is almost dead.
You block the shard shrike's attack.
You block the kraken simulacrum's attack.
You block the shard shrike's attack.
The Ice Fiend claws you but does no damage. x2
You block the shard shrike's attack. The tentacle slaps you!
You die...

≈≈≈≈≈≈≈≈≈ ≈≈ ≈≈≈≈≈≈≈≈≈
≈≈≈ ≈.# ≈≈≈≈≈≈≈≈≈##≈##
≈≈. ≈≈≈≈≈≈≈≈#..#..#b
≈≈Z#.
.≈≈≈≈≈≈≈#......#≈≈≈≈9#
#.≈≈§§§§§#.~.R.#≈≈≈≈≈.
#.≈≈ww1#...9.#≈≈w≈≈≈≈
#.≈wZ@#.....*#Z≈w≈≈≈
..b#.wbZb#..#..~≈#
#R§Cb§§##≈#~Z~##
#.≈~.§§≈≈≈≈≈~.~##
#.~.~≈≈≈b≈≈##~.~##
#R≈.R≈≈≈≈≈≈≈≈##~.~##
#.≈≈≈....≈≈≈≈≈≈##~.~###
##.≈.####.≈≈≈≈≈≈##~.~~#
##.#....#.≈≈≈≈≈≈##~..#


You could see a titan, 3 shard shrikes, an Ice Fiend, 4 tentacles, an
eight-headed hydra simulacrum and a kraken simulacrum.

Vanquished Creatures
  Asmodeus (Geh:7)
  the Royal Jelly (Slime:5)
  the Serpent of Hell (Coc:7)
  2 dread liches
  4 ancient liches
  3 orbs of fire (Zot:5)
  Mara (Depths:2)
  Josephina (Depths:3)
  Sojobo (Vaults:3)
  Boris (Vaults:4)
  32 royal mummies
  Frederick (Crypt:3)
  A curse toe (Zot:1)
  A Killer Klown (Zot:5)
  5 shard shrikes
  Nikola (Swamp:1)
  Geryon (Hell)
  4 caustic shrikes
  3 golden dragons
  Jory (Depths:3)
  Arachne (Spider:4)
  2 iron giants (Dis:3)
  10 Tzitzimimeh
  The ghost of olddryhag the Imperceptible, an adept DsMo of Uskayaw (Elf:3)
  14 profane servitors
  An electric golem (Zot:5)
  4 doom hounds
  3 bone dragons
  6 hellephants
  12 Brimstone Fiends
  17 tentacled monstrosities
  Jorgrun (Orc:1)
  10 Ice Fiends
  Zenata (Vaults:1)
  19 tainted leviathans
  A Hell Sentinel (Dis:3)
  2 spectral shard shrikes
  5 Orb Guardians (Zot:5)
  A walking earthen tome (Depths:2)
  3 deep elf master archers (Elf:3)
  10 liches
  4 titans (Vaults:5)
  4 deep elf blademasters
  6 quicksilver dragons
  19 ancient champions
  24 acid blobs
  11 death cobs
  19 searing wretches
  14 sphinxes
  10 shadow dragons
  10 storm dragons
  6 tentacled starspawn
  3 thorn hunters
  Gastronok (Lair:3)
  8 tengu reavers
  Roxanne (Elf:3)
  Donald (Swamp:1)
  4 draconian monks
  4 revenants
  12 azure jellies
  20 fire giants
  2 fenstrider witches (Swamp:4)
  8 rockslimes
  17 frost giants
  5 draconian knights
  5 quicksilver elementals
  10 narguns
  5 deep elf sorcerers (Elf:3)
  A draconian scorcher (Zot:5)
  6 emperor scorpions
  14 vault wardens
  3 iron dragons
  2 shard shrike simulacra
  3 draconian shifters
  7 ghost moths
  2 deep elf elementalists (Elf:3)
  4 curse skulls
  24 balrugs
  2 juggernaut zombies
  Louise (Swamp:1)
  2 spectral caustic shrikes
  3 draconian annihilators
  2 cacodemons (Hell)
  2 orc warlords
  2 spriggan defenders (Depths:1)
  20 ironbound preservers
  A broodmother (Spider:3)
  4 draconian stormcallers
  The ghost of Cofimnas the Cleaver, a journeyman FoFi of Okawaru (D:14)
  5 reapers
  8 war gargoyles
  34 very ugly things
  4 green draconians
  18 stone giants
  An ophan (Abyss:5)
  11 quicksilver oozes
  4 eleionomae
  11 black draconians
  A starflower (Abyss:3)
  13 vampire knights
  9 ironbound thunderhulks
  15 putrid mouths
  12 elemental wellsprings
  A minotaur (Gauntlet)
  12 yellow draconians
  Nessos (Orc:2)
  23 dire elephants
  3 bennus (Tomb:2)
  11 purple draconians
  8 red draconians
  3 deep elf demonologists
  3 deep elf annihilators (Elf:3)
  A spectral titan (Tar:3)
  A bunyip (Swamp:2)
  7 spark wasps
  3 wendigos
  2 lorocyprocas
  6 white draconians
  Snorg (D:13)
  14 eidola
  2 blizzard demons
  A spectral quicksilver dragon (Tar:4)
  A green death (Abyss:5)
  20 mummy priests
  9 ettins
  A quicksilver dragon zombie (Crypt:2)
  7 deep elf death magi
  8 jiangshi
  2 spectral krakens (Tar:7)
  5 fire dragons
  5 iron golems
  2 crystal guardians
  A merfolk javelineer (Depths:4)
  A spriggan zombie (Hell)
  30 vault guards
  22 yaktaur captains
  A shambling mangrove (Swamp:3)
  A spectral shadow dragon (Tar:1)
  A spectral fenstrider witch (Tar:1)
  3 deep elf high priests
  3 entropy weavers
  17 great orbs of eyes
  5 ice dragons
  4 ghost crabs
  5 spectral spriggans
  A fenstrider witch zombie (Crypt:1)
  4 rakshasas
  The ghost of Newt the Markskobold, a journeyman KoHu of Hepliaklqana (D:11)
  A catoblepas (D:14)
  2 juggernaut simulacra
  5 peacekeepers
  7 ironbound frosthearts
  10 caustic shrike simulacra
  A radroach (Spider:4)
  5 salamander tyrants
  3 spriggan air magi (Depths:3)
  18 hydras
  An anaconda (shapeshifter) (Elf:1)
  11 centaur warriors
  4 spriggan skeletons
  3 jorogumos
  21 dancing weapons
  4 ogre magi
  27 two-headed ogres
  4 boulder beetles
  20 stokers
  A fenstrider witch skeleton (Abyss:2)
  6 alligators
  A spectral stone giant (Tar:1)
  An Orb Guardian skeleton (Crypt:3)
  48 death scarabs
  2 tengu warriors
  5 death knights
  The ghost of jasper the Martial Artist, a novice DsWn of Cheibriados (D:10)
  54 hell hogs
  5 deep troll shamans
  8 vampire magi
  4 thrashing horrors
  22 hell knights
  A titan zombie (Crypt:1)
  3 deep troll earth magi
  2 spectral dire elephants
  A spectral storm dragon (Tar:1)
  A spectral naga (Tar:1)
  18 deep elf knights
  4 spriggan berserkers
  Amaemon (Lair:1)
  9 soul eaters
  Sonja (Lair:1)
  15 sun demons
  9 spriggans
  A shock serpent (shapeshifter) (D:15)
  2 iron trolls
  7 pharaoh ants
  A skyshark (Lair:4)
  4 wretched stars
  Nergalle (Lair:3)
  2 crystal echidnas (Dis:2)
  6 goliath frogs
  An anaconda zombie (Crypt:1)
  A golden dragon zombie (Crypt:1)
  A storm dragon skeleton (Crypt:1)
  6 sixfirhies
  2 sun moths
  A deep troll (shapeshifter) (D:15)
  26 skeletal warriors
  A bunyip zombie (Crypt:1)
  4 spatial maelstroms
  A fire crab (Volcano)
  67 deep trolls
  12 flayed ghosts
  2 glowing orange brains
  2 quicksilver dragon simulacra
  18 shadow wraiths
  3 bog bodies
  8 deep elf archers
  A glowing orange brain (shapeshifter) (D:11)
  7 spriggan druids
  11 phantasmal warriors
  13 swamp dragons
  9 orb spiders
  A spectral iron dragon (Tar:1)
  3 obsidian statues
  A shadow demon (Abyss:5)
  5 spriggan simulacra
  A golden dragon skeleton (Crypt:2)
  12 wizards
  3 lindwurms (Vaults:2)
  14 ironbound convokers
  7 steelbarb worms
  16 wolf spiders
  A harpy (Vaults:3)
  29 deep elf zephyrmancers
  13 necromancers
  A shadow dragon zombie (Tomb:2)
  10 orc knights
  A wolf spider zombie (D:10)
  27 deep elf pyromancers
  A stone giant zombie (Tomb:3)
  47 ugly things
  2 manticores
  2 shining eyes (Slime:5)
  3 will-o-the-wisps
  3 worldbinders
  9 cyclopes
  16 moths of wrath
  A spectral ice dragon (Tar:1)
  4 spectral centaurs
  12 elephants
  An elephant (shapeshifter) (Depths:2)
  18 vault sentinels
  2 toenail golems (D:11)
  3 titan simulacra
  A naga zombie (Tomb:2)
  4 centaur zombies
  7 rust devils
  6 torpor snails
  4 black mambas
  2 storm dragon simulacra (Coc:1)
  4 orange demons
  4 apocalypse crabs
  A gargoyle (D:12)
  A centaur skeleton (Crypt:1)
  10 cane toads
  8 smoke demons
  An eleionoma skeleton (Crypt:1)
  Joseph (D:8)
  14 demonic crawlers
  26 large abominations
  6 komodo dragons
  2 unseen horrors
  Maggie (D:8)
  2 naga skeletons
  37 yaktaurs
  2 efreet (D:14)
  31 hellions
  Psyche (D:8)
  4 spectral swamp worms (Tar:7)
  A bunyip simulacrum (Coc:1)
  A pale draconian zombie (Crypt:2)
  A golden dragon simulacrum (Coc:4)
  2 spark wasp simulacra
  6 tormentors
  6 rime drakes
  A spectral demonspawn (Tar:1)
  A tengu conjurer (Depths:3)
  11 freezing wraiths
  2 iron giant simulacra
  2 harpy zombies
  5 ice devils
  6 ancient zymes
  11 trolls
  6 silent spectres
  4 spectral harpies
  18 guardian mummies
  3 meliai (D:13)
  3 red devils (Depths:1)
  2 queen bees
  A hellwing (Abyss:3)
  2 bloated husks
  A polar bear (Vaults:4)
  5 tyrant leeches
  A merfolk (shapeshifter) (D:15)
  2 shadow dragon simulacra (Depths:3)
  2 spectral guardian serpents (Crypt:2)
  A hydra skeleton (Crypt:1)
  22 tarantellas
  14 hornets
  3 harpy skeletons
  10 raiju
  11 blink frogs
  A stone giant simulacrum (Coc:4)
  A dream sheep (shapeshifter) (D:15)
  18 culicivoras
  An iron dragon simulacrum (Coc:4)
  121 slime creatures
  A black mamba zombie (Crypt:2)
  3 air elementals
  10 flying skulls
  2 naga simulacra
  22 jumping spiders
  3 shadows
  6 vampires
  9 wyverns
  6 ushabtiu
  4 water elementals
  4 ynoxinuls
  2 black mamba skeletons
  A fire elemental (Elf:2)
  2 humans (shapeshifter)
  19 humans (D:14)
  A fire dragon skeleton (Abyss:2)
  3 alligator snapping turtle simulacra
  9 wraiths
  5 golden eyes
  27 starcursed masses
  50 yaks
  6 basilisks
  A nameless horror (Tar:7)
  3 dire elephant simulacra
  2 steam dragons
  7 small abominations
  19 vampire mosquitoes
  Grum (D:8)
  59 redbacks
  6 chaos spawn
  4 neqoxecs
  18 swamp worms
  8 spatial vortices
  8 harpy simulacra
  8 water moccasins
  3 wargs
  A demonspawn zombie (Crypt:2)
  2 acid dragons
  A floating eye (shapeshifter) (Depths:2)
  A faun skeleton (Crypt:3)
  7 hell hounds
  3 hydra simulacra
  6 swamp drakes
  A black bear (shapeshifter) (D:15)
  21 orc warriors
  2 black bears
  4 ice beasts
  3 sky beasts
  3 ettin simulacra
  An ogre (shapeshifter) (Vaults:5)
  A black mamba simulacrum (Coc:1)
  23 ogres
  19 wolves
  A swamp dragon skeleton (Crypt:3)
  11 centaurs
  A kobold brigand (D:7)
  A phantom (D:4)
  A fire crab zombie (Crypt:3)
  6 elf zombies
  19 bullfrogs
  3 earth elementals
  A necrophage (Crypt:1)
  3 gnoll sergeants
  4 scorpions
  3 elf skeletons
  15 wights
  A warg skeleton (Crypt:1)
  A queen bee zombie (Crypt:3)
  31 killer bees
  A swamp dragon simulacrum (Coc:1)
  2 electric eels
  9 howler monkeys
  6 human zombies
  An iron imp (Abyss:2)
  2 jellies
  3 hounds
  2 quasits
  15 orc priests
  A gnoll bouda (D:7)
  5 iguanas
  A sleepcap (D:6)
  A scorpion zombie (Crypt:1)
  A human skeleton (D:5)
  24 orc wizards
  12 hell rats
  An ogre skeleton (Crypt:2)
  31 mummies
  17 adders
  14 gnolls
  8 shadow imps
  7 white imps
  2 ufetubi
  2 adder zombies (Ossuary)
  A lava snake zombie (Crypt:2)
  A lava snake skeleton (Crypt:1)
  2 dart slugs
  69 orcs
  4 bats
  7 endoplasms
  3 giant cockroaches (D:2)
  11 goblins
  6 hobgoblins
  5 jackals
  5 quokkas
  8 ball pythons
  3 frilled lizards
  A hobgoblin zombie (Ossuary)
  8 kobolds
  A kobold zombie (Crypt:3)
  2 orc skeletons (D:5)
  3 orc zombies (Ossuary)
  6 rats
  2 rat zombies (Ossuary)
  5 creeping infernos
  56 fire vortices
  3 lurking horrors
  6 starspawn tentacles
  5 tentacles (Tar:7)
3221 creatures vanquished.

Vanquished Creatures (collateral kills)
  Ereshkigal (Tar:7)
  3 ancient liches
  The ghost of Rifisioch the Wrestler, a veteran TrCK of Xom (Zot:4)
  A royal mummy (Tomb:2)
  Boris (Tomb:1)
  Vv (Depths:2)
  A caustic shrike (Depths:4)
  A bone dragon (Tar:3)
  12 profane servitors
  A doom hound (Tar:7)
  A Brimstone Fiend (Geh:6)
  An iron giant (Dis:2)
  2 tainted leviathans (Tar:7)
  2 Orb Guardians (Zot:5)
  A lich (Crypt:3)
  6 searing wretches
  3 titans
  Asterion (Elf:2)
  A quicksilver dragon (Zot:2)
  3 sphinxes
  3 ancient champions
  An azure jelly (Coc:7)
  A shadow dragon (Vaults:5)
  A revenant (Crypt:3)
  A tengu reaver (Vaults:5)
  A rockslime (Slime:5)
  A nargun (Coc:7)
  3 fire giants (Geh:7)
  3 frost giants
  A spectral juggernaut (Tar:1)
  A draconian knight (Zot:2)
  2 balrugs
  A draconian scorcher (Zot:3)
  3 ghouls
  A caustic shrike zombie (Crypt:3)
  2 draconian annihilators
  2 quicksilver oozes (Slime:5)
  A very ugly thing (Abyss:5)
  A vampire knight (Crypt:3)
  2 stone giants (Vaults:5)
  3 black draconians
  A dire elephant (Vaults:4)
  2 green draconians
  2 yellow draconians
  4 putrid mouths
  2 bennus
  2 wendigos
  2 white draconians
  2 iron golems (Dis:3)
  2 blizzard demons (Hell)
  An ettin (Depths:4)
  A mummy priest (Tomb:2)
  A spectral kraken (Tar:7)
  A spectral spriggan (Tar:2)
  A salamander tyrant (Geh:6)
  A jiangshi (Crypt:3)
  A fire dragon (Depths:2)
  2 caustic shrike simulacra
  A vault guard (Vaults:5)
  3 stokers
  A juggernaut simulacrum (Coc:3)
  An ironbound frostheart (Vaults:1)
  3 centaur warriors (Vaults:1)
  A death knight (Crypt:2)
  A fenstrider witch skeleton (Hell)
  6 hell hogs
  A vampire mage (Depths:2)
  9 death scarabs
  A tengu warrior (Depths:2)
  7 hell knights
  A deep troll earth mage (Vaults:5)
  An Orb Guardian skeleton (Crypt:1)
  2 soul eaters (Crypt:3)
  5 dancing weapons
  2 shadow wraiths
  2 titan skeletons
  An iron troll (Depths:2)
  A sixfirhy (Hell)
  6 skeletal warriors
  A spectral anaconda (Tar:1)
  3 spatial maelstroms (Abyss:5)
  A quicksilver dragon simulacrum (Coc:4)
  2 phantasmal warriors (Vaults:5)
  3 orc knights
  An anaconda skeleton (Crypt:3)
  A wizard (Vaults:4)
  A necromancer (Hell)
  A spectral ettin (Tar:2)
  A centaur zombie (Hell)
  A will-o-the-wisp (Abyss:5)
  A guardian serpent (shapeshifter) (Abyss:5)
  An eye of devastation (Slime:3)
  A demonic crawler (Abyss:4)
  An orange demon (Hell)
  3 spectral swamp worms (Tar:7)
  An unseen horror (Abyss:2)
  2 hellions
  A centaur skeleton (Crypt:3)
  An alligator snapping turtle skeleton (Crypt:1)
  An ancient zyme (Abyss:4)
  A freezing wraith (Coc:4)
  A golden dragon simulacrum (Crypt:1)
  A yaktaur (Vaults:2)
  8 guardian mummies
  An ice devil (Hell)
  An unseen horror skeleton (Crypt:1)
  A hellwing (Abyss:5)
  17 slime creatures
  4 small abominations
  An ice dragon zombie (Crypt:2)
  A stone giant simulacrum (Coc:4)
  2 flying skulls (Tomb:2)
  5 ushabtiu
  A black mamba zombie (Crypt:1)
  An alligator snapping turtle simulacrum (Crypt:1)
  6 starcursed masses
  A chaos spawn (Abyss:2)
  2 wraiths
  A neqoxec (Abyss:5)
  2 vampire mosquitoes (Depths:3)
  3 harpy simulacra
  5 spatial vortices
  A hell hound (Hell)
  5 large abominations
  An ettin simulacrum (Coc:4)
  3 naga simulacra
  A black bear zombie (Crypt:3)
  2 quasits
  A human skeleton (Crypt:1)
  2 orc wizards (Vaults:5)
  4 hell rats (Hell)
  10 mummies
  A steam dragon zombie (Crypt:1)
  5 fire vortices
  A lurking horror (Abyss:2)
  A starspawn tentacle (Abyss:3)
  A tentacle (Tar:7)
297 creatures vanquished.

Vanquished Creatures (others)
  A hellephant (Geh:2)
  2 fire giants
  A shard shrike simulacrum (Coc:7)
  An entropy weaver (Vaults:2)
  A deep elf high priest (Vaults:5)
  A caustic shrike simulacrum (Coc:7)
  A tengu warrior (Depths:3)
  A deep elf knight (Elf:1)
  A tormentor (Geh:1)
  An anaconda simulacrum (Coc:4)
  3 bloated husks
  A dire elephant simulacrum (Coc:7)
  A swamp drake (Swamp:4)
  2 hell rats (Hell)
  A gnoll (D:8)
  A white imp (D:8)
  An orc (Vaults:5)
  3 briar patches (Swamp:2)
  5 creeping infernos (Geh:6)
  2 fire vortices
  9 foxfires
  38 fungi
  4 lurking horrors (Geh:6)
  6 pillars of salt
  72 plants
  5 snaplasher vines
  8 starspawn tentacles
  15 tentacles
188 creatures vanquished.

Grand Total: 3706 creatures vanquished

Notes
Turn   | Place    | Note
-------+----------+-------------------------------------------
     0 | D:1      | bobo the Gargoyle Fighter began the quest for the Orb.
     0 | D:1      | Reached XP level 1. HP: 14/14 MP: 1/1
   130 | D:1      | Reached XP level 2. HP: 19/19 MP: 2/2
   131 | D:1      | Found a faded altar of an unknown god.
   142 | D:1      | Prayed at the altar of an unknown god.
   142 | D:1      | Became a worshipper of Zin the Law-Giver
   142 | D:1      | Reached * piety under Zin
   586 | D:1      | Reached XP level 3. HP: 23/23 MP: 3/3
   679 | D:1      | Reached ** piety under Zin
   898 | D:2      | Reached skill level 1 in Invocations
  1054 | D:2      | Reached XP level 4. HP: 29/29 MP: 4/4
  1952 | D:3      | Reached XP level 5. HP: 33/33 MP: 6/6
  1957 | D:3      | Found Ymeaff's Distillery.
  1962 | D:3      | Bought a potion of curing for 42 gold pieces
  1962 | D:3      | Bought a potion of heal wounds for 70 gold pieces
  1985 | D:3      | Found Kucaryic's Weapon Shop.
  2057 | D:3      | Found a blossoming altar of Fedhas.
  2057 | D:3      | Found a basalt altar of Yredelemnul.
  2083 | D:3      | Found Qiutos's Armour Shop.
  2186 | D:3      | Found Heynyameem's Distillery.
  2292 | D:3      | Reached skill level 4 in Fighting
  2318 | D:3      | Found Nicus's Jewellery Shoppe.
  2439 | D:3      | Found a shadowy altar of Dithmenos.
  2808 | D:4      | Reached XP level 6. HP: 38/38 MP: 7/7
  2816 | D:4      | Reached *** piety under Zin
  3119 | D:4      | Noticed a black bear
  3133 | D:4      | Killed a black bear
  3134 | D:4      | Reached XP level 7. HP: 34/44 MP: 6/9
  3194 | D:4      | Reached **** piety under Zin
  3583 | D:5      | Entered Level 5 of the Dungeon
  3701 | D:5      | Reached skill level 5 in Shields
  3711 | D:5      | Found a sand-covered staircase.
  3723 | D:5      | Reached skill level 5 in Fighting
  3723 | D:5      | Reached skill level 5 in Maces & Flails
  3723 | D:5      | Reached skill level 5 in Armour
  3726 | Ossuary  | Entered an ossuary
  3793 | Ossuary  | Reached XP level 8. HP: 46/49 MP: 10/10
  3867 | Ossuary  | Reached ***** piety under Zin
  4065 | D:5      | Found a burning altar of Makhleb.
  4134 | D:5      | Found a staircase to the Ecumenical Temple.
  4360 | D:5      | Found a shimmering blue altar of Sif Muna.
  5006 | D:6      | Reached skill level 6 in Fighting
  5131 | D:6      | Reached XP level 9. HP: 55/55 MP: 12/12
  5339 | D:6      | Found a radiant altar of Vehumet.
  5339 | D:6      | Found an iron altar of Okawaru.
  5340 | D:6      | Found an opulent altar of Gozag.
  5725 | D:7      | Reached skill level 5 in Invocations
  6028 | D:7      | Reached skill level 7 in Fighting
  6059 | D:7      | Noticed a two-headed ogre
  6067 | D:7      | Identified the ring of Foluel {MP+9 Str+2 Int+3 Stlth+}
  6403 | D:7      | Identified the +5 quarterstaff "Cuadesei" {flame, Str+2
                  | Int+4}
  6665 | D:7      | Reached XP level 10. HP: 63/64 MP: 14/14
  6751 | D:7      | Killed a two-headed ogre
  6752 | D:7      | Reached skill level 8 in Fighting
  6777 | D:8      | Noticed Joseph
  6777 | D:8      | Noticed Grum
  6809 | D:8      | Noticed Maggie
  6824 | D:8      | Killed Maggie
  6859 | D:8      | Noticed Psyche
  6921 | D:8      | Noticed a two-headed ogre
  6928 | D:8      | Killed a two-headed ogre
  7151 | D:8      | Killed Grum
  7165 | D:8      | Reached skill level 9 in Fighting
  7202 | D:8      | Killed Psyche
  7243 | D:8      | Identified the ring of the Cockatrice {Will+ Str+3 Int+6}
  7252 | D:8      | Learned a level 3 spell: Swiftness
  7278 | D:8      | Killed Joseph
  7279 | D:8      | Reached XP level 11. HP: 71/71 MP: 17/17
  7980 | D:9      | Noticed a cyclops
  7986 | D:9      | Noticed a centaur warrior
  8149 | D:9      | Killed a centaur warrior
  8150 | D:9      | Reached skill level 1 in Throwing
  8213 | D:9      | Reached ****** piety under Zin
  8254 | D:9      | Killed a cyclops
  8298 | D:9      | Found a hide-covered altar of Uskayaw.
  8375 | D:9      | You fall into a shaft and drop 1 floor!
  8375 | D:10     | Entered Level 10 of the Dungeon
  8703 | D:10     | Noticed a two-headed ogre
  8717 | D:9      | Killed a two-headed ogre
  8718 | D:9      | Reached skill level 10 in Fighting
  8718 | D:9      | Reached skill level 10 in Maces & Flails
  8724 | D:9      | Reached skill level 10 in Shields
  8857 | D:10     | Found a staircase to the Lair.
  8948 | D:10     | Found a glowing golden altar of the Shining One.
  9114 | D:10     | Reached XP level 12. HP: 78/78 MP: 19/19
  9186 | D:10     | Found a glowing silver altar of Zin.
  9431 | D:10     | Found a runed translucent gate.
  9431 | D:10     | Found a runed translucent gate.
  9432 | D:10     | Found a runed translucent gate.
  9434 | D:10     | Noticed jasper's ghost (novice DsWn)
  9665 | D:11     | Found a transporter.
  9679 | D:11     | Noticed a two-headed ogre
  9689 | D:11     | Killed a two-headed ogre
  9690 | D:11     | Reached skill level 10 in Invocations
  9854 | D:11     | Found a transporter.
  9878 | D:11     | Found a one-way gate to the infinite horrors of the Abyss.
  9878 | D:11     | Noticed Newt's ghost (journeyman KoHu)
 10224 | D:11     | Found Plog's Weapon Shoppe.
 10227 | D:11     | Bought a +3 morningstar of protection for 283 gold pieces
 10542 | D:12     | Reached skill level 11 in Fighting
 10653 | Lair:1   | Entered Level 1 of the Lair of Beasts
 10740 | Lair:1   | Noticed Sonja
 10747 | Lair:1   | Killed Sonja
 10761 | Lair:1   | Found a dark tunnel.
 10767 | Volcano  | Entered a volcano
 10787 | Volcano  | Noticed a hell hog
 10799 | Volcano  | Killed a hell hog
 11316 | Lair:1   | Reached XP level 13. HP: 85/85 MP: 15/21
 11582 | Lair:1   | Noticed Amaemon
 11591 | Lair:1   | Killed Amaemon
 12438 | Lair:2   | Reached skill level 12 in Fighting
 13023 | Lair:2   | Found a hole to the Spider Nest.
 13117 | Lair:2   | Identified the +6 sling of Purpose {flame, Dex+2 SInv}
 13955 | Lair:3   | Found a staircase to the Swamp.
 14033 | Lair:3   | Noticed Nergalle
 14043 | Lair:3   | Killed Nergalle
 14144 | Lair:3   | Noticed Gastronok
 14158 | Lair:3   | Killed Gastronok
 14621 | Lair:4   | Found a viscous altar of Jiyva.
 14625 | Lair:4   | Found a staircase to the Slime Pits.
 14674 | Lair:4   | Gained mutation: Your large and strong wings let you fly.
                  | [Gargoyle growth]
 14674 | Lair:4   | Reached XP level 14. HP: 92/92 MP: 23/23
 14766 | Lair:4   | Reached skill level 13 in Fighting
 15655 | Lair:5   | Entered Level 5 of the Lair of Beasts
 16418 | D:12     | Found a staircase to the Orcish Mines.
 16874 | Orc:1    | Entered Level 1 of the Orcish Mines
 17181 | Orc:1    | Noticed Jorgrun
 17218 | Orc:1    | Killed Jorgrun
 17489 | Orc:2    | Entered Level 2 of the Orcish Mines
 17564 | Orc:2    | Reached skill level 14 in Fighting
 17799 | Orc:2    | Noticed Nessos
 17807 | Orc:2    | Reached XP level 15. HP: 58/101 MP: 14/24
 17819 | Orc:2    | Killed Nessos
 17831 | Orc:2    | Found Neiwn's Antique Weapon Shoppe.
 17832 | Orc:2    | Found Heosis's Armour Emporium.
 17841 | Orc:2    | Found Xeceum's Jewellery Boutique.
 17846 | Orc:2    | Found Fioculof's Assorted Antiques.
 17853 | Orc:2    | Found a gate leading to a gauntlet.
 17861 | Gauntlet | Entered a Gauntlet
 17861 | Gauntlet | Found a large runed translucent door.
 17861 | Gauntlet | Found a large runed translucent door.
 17861 | Gauntlet | Found a large runed translucent door.
 17861 | Gauntlet | Found a large runed translucent door.
 17861 | Gauntlet | Found a transporter.
 17861 | Gauntlet | Found a runed translucent door.
 17861 | Gauntlet | Found a large runed translucent door.
 17861 | Gauntlet | Found a large runed translucent door.
 17861 | Gauntlet | Found a large runed translucent door.
 17861 | Gauntlet | Found a large runed translucent door.
 17861 | Gauntlet | Found a runed translucent gate.
 17861 | Gauntlet | Found a runed translucent gate.
 17861 | Gauntlet | Found a transporter.
 17861 | Gauntlet | Found a transporter.
 17951 | Gauntlet | Found a runed translucent door.
 17953 | Gauntlet | Found a large runed translucent door.
 17953 | Gauntlet | Found a large runed translucent door.
 17953 | Gauntlet | Found a large runed translucent door.
 17953 | Gauntlet | Found a large runed translucent door.
 17954 | Gauntlet | Found a large runed translucent door.
 17955 | Gauntlet | Found a large runed translucent door.
 17964 | Gauntlet | Found a large runed translucent door.
 17964 | Gauntlet | Found a large runed translucent door.
 17965 | Gauntlet | Found a runed translucent gate.
 17971 | Gauntlet | Found a transporter.
 17983 | Gauntlet | Found a transporter.
 17984 | Gauntlet | Found a transporter.
 17993 | Gauntlet | Found a transporter.
 18013 | Gauntlet | Found a transporter.
 18030 | Gauntlet | Found a transporter.
 18031 | Gauntlet | Found a transporter.
 18039 | Gauntlet | Found a transporter.
 18042 | Gauntlet | Found a transporter.
 18188 | Gauntlet | Identified the staff of earth "Kynoasei" {rElec MP-9 Int+2
                  | Dex+3}
 18213 | Gauntlet | Identified the +2 pair of gloves "Hero's Friend" {Rampage
                  | *Slow Str+7 Dex+4}
 18270 | Gauntlet | Identified the +0 plate armour of Gozag's Hope {+Inv rElec
                  | rF+}
 18297 | Gauntlet | Got the Volume of the Arsonist
 18300 | Gauntlet | Got the Grimoire of Fascination
 18400 | Orc:2    | Bought a ring of see invisible for 180 gold pieces
 18405 | Orc:2    | Bought a scroll of enchant weapon for 187 gold pieces
 18405 | Orc:2    | Bought a glowing garnet ring for 125 gold pieces
 18578 | Orc:2    | Found a staircase to the Elven Halls.
 19176 | Elf:1    | Entered Level 1 of the Elven Halls
 19209 | Elf:1    | Paralysed by an air elemental for 1 turns
 19250 | Elf:1    | Found a radiant altar of Vehumet.
 19745 | Elf:1    | Paralysed by an air elemental for 1 turns
 19758 | Elf:1    | Reached skill level 15 in Fighting
 20974 | Elf:2    | Found Fiuhimm's Jewellery Shop.
 21264 | Elf:2    | Noticed a Brimstone Fiend
 21287 | Elf:2    | Reached skill level 15 in Maces & Flails
 21291 | Elf:2    | Reached skill level 10 in Armour
 21296 | Elf:2    | Reached XP level 16. HP: 78/108 MP: 19/26
 21637 | Elf:2    | Found a runed translucent gate.
 21637 | Elf:2    | Found a runed translucent gate.
 21643 | Elf:2    | Found a runed translucent gate.
 21813 | Elf:3    | Entered Level 3 of the Elven Halls
 21814 | Elf:3    | Paralysed by an air elemental for 1 turns
 21931 | Elf:3    | Found a runed translucent gate.
 21931 | Elf:3    | Found a runed translucent gate.
 21931 | Elf:3    | Found a runed translucent gate.
 21933 | Elf:3    | Found an opulent altar of Gozag.
 21933 | Elf:3    | Found Ehautiza's Assorted Antiques.
 21934 | Elf:3    | Noticed olddryhag's ghost (adept DsMo)
 22015 | Elf:3    | Learned a level 5 spell: Summon Forest
 22075 | Elf:3    | Reached skill level 16 in Fighting
 22478 | Swamp:1  | Entered Level 1 of the Swamp
 22489 | Swamp:1  | Reached skill level 1 in Translocations
 22502 | Swamp:1  | Reached skill level 1 in Summonings
 22550 | Swamp:1  | Reached skill level 1 in Spellcasting
 22550 | Swamp:1  | Reached skill level 1 in Air Magic
 22735 | Swamp:1  | Noticed Donald
 22740 | Swamp:1  | Noticed Louise
 22747 | Swamp:1  | Killed Donald
 22765 | Swamp:1  | Killed Louise
 22797 | Swamp:1  | Noticed Nikola
 22809 | Swamp:1  | Killed Nikola
 22885 | Swamp:1  | Got A Primer on Witchcraft
 23072 | Swamp:1  | Upgraded the game from 0.30-a0-953-g5f1da4a474 to
                  | 0.30-a0-956-gcec3b41aec
 23107 | Swamp:2  | Noticed a thorn hunter
 23341 | Swamp:2  | Found the +2 shield of Resistance {rF++ rC++ Will++}
 23475 | Swamp:2  | Killed a thorn hunter
 23966 | Swamp:3  | Zin protects you from harm!
 23966 | Swamp:3  | HP: 3/111 [four-headed hydra[a spriggan druid] (5)]
 23966 | Swamp:3  | Zin protects you from harm!
 23966 | Swamp:3  | HP: 1/111 [four-headed hydra[a spriggan druid] (2)]
 24245 | Swamp:3  | Reached XP level 17. HP: 115/116 MP: 27/27
 24705 | Swamp:4  | Entered Level 4 of the Swamp
 25301 | Swamp:4  | Got a decaying rune of Zot
 25448 | Swamp:4  | Reached skill level 5 in Throwing
 25935 | Spider:1 | Entered Level 1 of the Spider Nest
 27218 | Spider:2 | Reached skill level 17 in Fighting
 27265 | Spider:2 | Learned a level 4 spell: Manifold Assault
 27268 | Spider:2 | Learned a level 2 spell: Blink
 27296 | Spider:2 | Reached skill level 15 in Invocations
 27538 | Spider:3 | Reached skill level 5 in Translocations
 27538 | Spider:3 | Reached XP level 18. HP: 123/123 MP: 29/29
 27547 | Spider:3 | Reached skill level 5 in Spellcasting
 28714 | Spider:4 | Entered Level 4 of the Spider Nest
 28714 | Spider:4 | Noticed Arachne
 28865 | Spider:4 | Killed Arachne
 29468 | Spider:4 | Identified the +4 scale mail of Prudence {Str+2}
 29691 | Spider:4 | Got a gossamer rune of Zot
 30492 | D:11     | Killed Newt's ghost
 30625 | D:10     | Killed jasper's ghost
 30733 | D:10     | Fell from the grace of Zin
 30733 | D:10     | Became a worshipper of the Shining One
 30733 | D:10     | Reached * piety under the Shining One
 30733 | D:10     | Reached ** piety under the Shining One
 30733 | D:10     | Reached *** piety under the Shining One
 30888 | D:13     | Noticed Snorg
 30895 | D:13     | Killed Snorg
 31043 | D:13     | Reached **** piety under the Shining One
 31078 | D:13     | Reached XP level 19. HP: 130/130 MP: 30/30
 31232 | D:13     | Reached skill level 18 in Fighting
 31248 | D:13     | Upgraded the game from 0.30-a0-956-gcec3b41aec to
                  | 0.30-a0-965-g42e074c17a
 31682 | D:14     | Found a gate to the Vaults.
 31816 | D:14     | Found a transporter.
 31818 | D:14     | Noticed Cofimnas's ghost (journeyman FoFi)
 31822 | D:14     | Identified the +4 giant club "Sablompa" {flame, Str+3
                  | Dex+5}
 31866 | D:14     | Found an iron altar of Okawaru.
 31905 | D:14     | Reached ***** piety under the Shining One
 31981 | D:14     | Found a transporter.
 32010 | D:14     | Reached skill level 10 in Translocations
 32251 | D:15     | Entered Level 15 of the Dungeon
 32572 | D:15     | Found a hazy altar of Hepliaklqana.
 32610 | D:15     | Found the +8 demon blade "Leech" {evervamp, Harm Drain rN+}
 32741 | D:15     | Learned a level 5 spell: Silence
 32850 | D:15     | Found a staircase to the Depths.
 33024 | Depths:1 | Entered Level 1 of the Depths
 33166 | Depths:1 | Found a burning altar of Makhleb.
 33237 | Depths:1 | Found a burning altar of Makhleb.
 33237 | Depths:1 | Found the +16 obsidian axe {drain, demonic, Mesm Drain Fly
                  | SInv}
 33308 | Depths:1 | Found a one-way gateway to a ziggurat.
 33319 | Depths:1 | Reached ****** piety under the Shining One
 33328 | Depths:1 | Paralysed by a floating eye for 4 turns
 33638 | Swamp:1  | Identified a +5 eveningstar of holy wrath (a +3 eveningstar
                  | of draining blessed by the Shining One)
 33638 | Swamp:1  | Received a gift from the Shining One
 33830 | Vaults:1 | Entered Level 1 of the Vaults
 34160 | Vaults:1 | Reached XP level 20. HP: 131/137 MP: 17/32
 34172 | Vaults:1 | Learned a level 3 spell: Vhi's Electric Charge
 34507 | D:14     | Reached skill level 5 in Air Magic
 34528 | D:14     | Killed Cofimnas's ghost
 34656 | Depths:1 | Found Ymoetrog's Distillery.
 34852 | Depths:1 | Paralysed by a floating eye for 2 turns
 35033 | Depths:1 | Found a gateway to Hell.
 35457 | Depths:2 | Noticed Vv
 35473 | Depths:2 | Killed Vv
 35474 | Depths:2 | Reached skill level 19 in Fighting
 35577 | Depths:2 | Noticed a caustic shrike
 35881 | Depths:1 | Killed a caustic shrike
 36252 | Depths:2 | Identified the ring "Buutoix" {Fly MP+9 Int+3}
 36322 | Depths:2 | Got the Dissertation on Composition
 36359 | Depths:2 | Reached XP level 21. HP: 138/144 MP: 34/34
 36478 | Depths:2 | Reached skill level 1 in Hexes
 36478 | Depths:2 | Reached skill level 5 in Summonings
 36615 | Depths:2 | Noticed Mara
 36618 | Depths:2 | Found an opulent altar of Gozag.
 36622 | Depths:2 | Killed Mara
 36808 | Depths:2 | Found a one-way gate leading to the halls of Pandemonium.
 37213 | Depths:2 | Reached skill level 10 in Spellcasting
 37306 | Depths:2 | Learned a level 5 spell: Summon Mana Viper
 37412 | Depths:3 | Identified the ring of Sumu {Ice Will+ Int+3}
 37412 | Depths:3 | Noticed Josephina
 37444 | Depths:3 | Killed Josephina
 37764 | Depths:3 | You are sucked into a shaft and drop 1 floor!
 37764 | Depths:4 | Entered Level 4 of the Depths
 38332 | Depths:3 | Noticed Jory
 38347 | Depths:3 | Killed Jory
 38525 | Depths:3 | Identified the ring "Hicappa" {Int+6 Dex+2}
 38654 | Depths:3 | Identified the staff of cold "Mocse" {rF+ rC+ Dex+2}
 38834 | Depths:4 | Noticed a caustic shrike
 38835 | Depths:4 | Noticed a caustic shrike
 38835 | Depths:4 | Noticed a caustic shrike
 38846 | Depths:4 | Noticed a caustic shrike
 39187 | Vaults:1 | Noticed Zenata
 39202 | Vaults:1 | Killed Zenata
 39262 | Vaults:1 | Reached skill level 5 in Hexes
 39269 | Vaults:1 | Identified the +2 leather armour of Igaajim {rF- Str+10
                  | Slay-5}
 39396 | Vaults:1 | Reached XP level 22. HP: 139/151 MP: 17/36
 40513 | Vaults:2 | Reached skill level 20 in Fighting
 41933 | Vaults:3 | Found a staircase to the Crypt.
 42398 | Vaults:3 | Noticed Sojobo
 42425 | Vaults:3 | Paralysed by an air elemental for 1 turns
 42428 | Vaults:3 | Killed Sojobo
 42795 | Vaults:3 | Reached XP level 23. HP: 157/157 MP: 29/38
 43283 | Vaults:3 | Reached skill level 15 in Armour
 43509 | Vaults:3 | Reached skill level 1 in Dodging
 44092 | Vaults:4 | Noticed Boris
 44103 | Vaults:4 | Killed Boris
 44125 | Vaults:4 | Learned a level 5 spell: Yara's Violent Unravelling
 44429 | Vaults:4 | Reached skill level 1 in Transmutations
 45426 | Vaults:4 | Found Meck's Antique Armour Boutique.
 45434 | Vaults:4 | Bought a pair of pitted gloves for 408 gold pieces
 45434 | Vaults:4 | Identified the +0 pair of gloves of the Distant Future
                  | {rPois rC- Str-2 Dex+6} (You bought it in a shop on level 4
                  | of the Vaults)
 45436 | Vaults:4 | Bought a runed plate armour for 1118 gold pieces
 45584 | Vaults:4 | Upgraded the game from 0.30-a0-965-g42e074c17a to
                  | 0.30-a0-972-gf3ab3527aa
 46063 | Elf:2    | Reached XP level 24. HP: 143/164 MP: 33/39
 46133 | Elf:2    | Noticed Asterion
 46145 | Elf:2    | Killed Asterion
 46456 | Elf:3    | Noticed Roxanne
 46477 | Elf:3    | Killed Roxanne
 47091 | Elf:3    | Reached skill level 10 in Air Magic
 47218 | Elf:3    | Reached skill level 10 in Summonings
 47345 | Elf:3    | Identified the ring of Cydum {Fire rElec Str+3}
 47382 | Elf:3    | Identified the ring "Bamisaw" {Will+ rCorr Int+5}
 47396 | Elf:3    | Identified the +7 plate armour "Pyenitru" {Contam Str+3
                  | Slay+3}
 47420 | Elf:3    | Found the macabre finger necklace {Finger+ rN+}
 47492 | Elf:3    | Identified the staff of conjuration "Boufea" {rElec rPois}
 47518 | Elf:3    | Got the Compilation of Unified Bones
 47540 | Elf:3    | Identified the amulet "Ucimpogo" {Reflect rC+ SH+5 SInv}
 47582 | Elf:3    | Identified the staff of poison "Poippy" {rElec rPois rN+
                  | Str+7 Dex-2}
 47640 | Elf:3    | Identified the +5 rapier of Karma {drain, Str+4 SInv}
 47684 | Elf:3    | Identified the ring of Freedom {rElec rF+ Will+ MP+9 Dex-3}
 48009 | Slime:1  | Entered Level 1 of the Pits of Slime
 48324 | Slime:1  | Reached skill level 21 in Fighting
 51067 | Slime:5  | Entered Level 5 of the Pits of Slime
 51070 | Slime:5  | Reached skill level 5 in Dodging
 51173 | Slime:5  | Gained mutation: You sometimes lose your temper in combat.
                  | [a shining eye]
 51174 | Slime:5  | Gained mutation: Armour fits poorly on your strangely
                  | shaped body. [a shining eye]
 51184 | Slime:5  | Lost mutation: Armour fits poorly on your strangely shaped
                  | body. [potion of mutation]
 51184 | Slime:5  | Lost mutation: You sometimes lose your temper in combat.
                  | [potion of mutation]
 51184 | Slime:5  | Gained mutation: You have hidden genetic defects. [potion
                  | of mutation]
 51185 | Slime:5  | Lost mutation: You have hidden genetic defects. [potion of
                  | mutation]
 51185 | Slime:5  | Gained mutation: You have hidden genetic defects. [potion
                  | of mutation]
 51185 | Slime:5  | Gained mutation: Your spells are a little harder to cast,
                  | but a little more powerful. [potion of mutation]
 51185 | Slime:5  | Lost mutation: Your spells are a little harder to cast, but
                  | a little more powerful. [potion of mutation]
 51185 | Slime:5  | Gained mutation: You passively map a small area around you.
                  | [potion of mutation]
 51186 | Slime:5  | Lost mutation: You have hidden genetic defects. [potion of
                  | mutation]
 51186 | Slime:5  | Lost mutation: You passively map a small area around you.
                  | [potion of mutation]
 51186 | Slime:5  | Gained mutation: You have hidden genetic defects. [potion
                  | of mutation]
 51325 | Slime:5  | Noticed the Royal Jelly
 51366 | Slime:5  | Killed the Royal Jelly
 52054 | Slime:5  | Got a slimy rune of Zot
 52056 | Slime:5  | Got Cyqos's Secrets of the Birds
 52079 | Slime:5  | Identified the ring "Ysug" {*Corrode rN+ Will+ Str+3 Dex+6}
 52127 | Slime:5  | Got Koitripitai's Cyclopedia of the Sphinx
 52987 | Crypt:1  | Entered Level 1 of the Crypt
 53028 | Crypt:1  | Reached XP level 25. HP: 171/171 MP: 22/39
 53232 | Crypt:1  | Gained mutation: You are dopey. (Int -2) [hidden defects]
 53367 | Crypt:1  | Reached skill level 5 in Transmutations
 54647 | Crypt:2  | Gained mutation: You are vulnerable to cold. (rC-) [hidden
                  | defects]
 54647 | Crypt:2  | Lost mutation: You have hidden genetic defects. [hidden
                  | defects expressed]
 55273 | Crypt:3  | Entered Level 3 of the Crypt
 55494 | Crypt:3  | Noticed Frederick
 55504 | Crypt:3  | Killed Frederick
 55549 | Crypt:3  | Identified the +2 pair of boots of Resonance {Dex+3}
 55688 | Crypt:3  | Reached skill level 10 in Hexes
 55888 | Crypt:3  | Found a staircase to the Tomb.
 56215 | Crypt:3  | Found a basalt altar of Yredelemnul.
 56223 | Crypt:3  | Found an ancient bone altar of Kikubaaqudgha.
 56262 | Crypt:3  | Found the +3 pair of gauntlets of War {Slay+5}
 56270 | Crypt:3  | Identified the +4 fire dragon scales "Femnuass" {rElec
                  | rPois rF++ rC- Will+}
 56276 | Crypt:3  | Identified the +1 broad axe of Fury {flame, *Noise rElec
                  | rPois Str+6 SInv}
 56317 | Crypt:3  | Identified the staff of air "Xiteminy" {rElec Int+5}
 56320 | Crypt:3  | Identified the +1 short sword "Ycvuf" {flame, rC- Int+6
                  | Stlth+}
 57051 | Elf:3    | Killed olddryhag's ghost
 57391 | Vaults:5 | Entered Level 5 of the Vaults
 57406 | Vaults:5 | Reached skill level 22 in Fighting
 57410 | Vaults:5 | Reached XP level 26. HP: 179/179 MP: 19/40
 57418 | Vaults:5 | Noticed a dread lich
 57470 | Vaults:5 | Killed a dread lich
 57523 | Vaults:5 | Noticed an ancient lich
 57645 | Vaults:5 | Identified the ring of Hoqerug {+Blink rF+ Str-2 Dex+6}
 57653 | Vaults:5 | Reached skill level 1 in Evocations
 57681 | Vaults:5 | Got the Almanac of Beckoning
 57692 | Vaults:5 | Identified the ring "Tuel" {rN+ rCorr SInv}
 57700 | Vaults:5 | Identified the ring of Xom's Attic {+Blink rPois Int+3}
 58123 | Vaults:5 | Identified the +0 short sword "Ogre's Death" {freeze, rElec
                  | rN+}
 58137 | Vaults:5 | Identified the staff of conjuration "Pushesk" {+Blink rElec
                  | Dex+3}
 58233 | Vaults:5 | Killed an ancient lich
 58486 | Vaults:5 | Identified the +3 chain mail of Ymna {rF+ MP+9}
 58723 | Vaults:5 | Got a silver rune of Zot
 59544 | Depths:4 | Found a gate to the Realm of Zot.
 60492 | Depths:4 | Learned a level 4 spell: Animate Armour
 60493 | Depths:4 | Voluntarily entered the Abyss.
 60494 | Abyss:1  | Found a corrupted altar of Lugonu.
 60557 | Abyss:1  | Found a corrupted altar of Lugonu.
 60566 | Abyss:1  | Found a corrupted altar of Lugonu.
 60626 | Abyss:1  | Found a corrupted altar of Lugonu.
 60813 | Abyss:2  | Reached XP level 27. HP: 186/186 MP: 41/41
 60975 | Abyss:2  | Reached skill level 5 in Evocations
 60978 | Abyss:2  | Found a corrupted altar of Lugonu.
 60979 | Abyss:2  | Found a corrupted altar of Lugonu.
 60979 | Abyss:2  | Found a corrupted altar of Lugonu.
 61100 | Abyss:2  | Found a corrupted altar of Lugonu.
 61226 | Abyss:2  | Found a corrupted altar of Lugonu.
 61250 | Abyss:2  | Reached skill level 23 in Fighting
 61392 | Abyss:2  | Upgraded the game from 0.30-a0-972-gf3ab3527aa to
                  | 0.30-a0-986-g7f2e898f52
 61435 | Abyss:3  | Found a corrupted altar of Lugonu.
 61439 | Abyss:3  | Found a corrupted altar of Lugonu.
 61439 | Abyss:3  | Found a corrupted altar of Lugonu.
 61484 | Abyss:3  | Found a corrupted altar of Lugonu.
 61490 | Abyss:3  | Found a burning altar of Makhleb.
 61905 | Abyss:4  | Paralysed by you for 4 turns
 61950 | Abyss:5  | Found a corrupted altar of Lugonu.
 61990 | Abyss:5  | Found a corrupted altar of Lugonu.
 62052 | Abyss:5  | Paralysed by accursed screaming for 1 turns
 62067 | Abyss:5  | Paralysed by accursed screaming for 1 turns
 62079 | Abyss:5  | Paralysed by accursed screaming for 1 turns
 62113 | Abyss:5  | Got an abyssal rune of Zot
 62166 | Abyss:5  | Identified the +10 dagger "Yxtidet" {heavy, rPois Str+3}
 62175 | Depths:4 | Escaped the Abyss
 62651 | Tomb:1   | Entered Level 1 of the Tomb of the Ancients
 62667 | Tomb:1   | Noticed Boris
 62675 | Tomb:1   | Killed Boris
 62769 | Tomb:1   | Reached skill level 10 in Dodging
 63064 | Tomb:1   | Identified the +7 rapier "Lygh" {freeze, +Blink}
 63110 | Tomb:1   | Noticed a royal mummy
 63117 | Tomb:1   | Killed a royal mummy
 63213 | Tomb:1   | Identified the ring of Wirisamn {rElec rC- Will+++ Str-5
                  | SInv}
 63213 | Tomb:1   | Noticed a royal mummy
 63218 | Tomb:1   | Killed a royal mummy
 63265 | Tomb:2   | Noticed a royal mummy
 63266 | Tomb:2   | Noticed a royal mummy
 63266 | Tomb:2   | Noticed a royal mummy
 63266 | Tomb:2   | Noticed a royal mummy
 63268 | Tomb:2   | Noticed a royal mummy
 63277 | Tomb:2   | Killed a royal mummy
 63303 | Tomb:2   | Killed a royal mummy
 63484 | Tomb:2   | Killed a royal mummy
 63489 | Tomb:2   | Killed a royal mummy
 63489 | Tomb:2   | Gained mutation: You are strong-willed. (Will+) [mutagenic
                  | glow]
 63498 | Tomb:2   | Gained mutation: You are partially covered in iridescent
                  | scales. (AC +2) [mutagenic glow]
 63623 | Tomb:2   | Killed a royal mummy
 63877 | Tomb:1   | Noticed a royal mummy
 63881 | Tomb:1   | Noticed a royal mummy
 63882 | Tomb:1   | Noticed a royal mummy
 63884 | Tomb:1   | Killed a royal mummy
 63884 | Tomb:1   | Noticed a royal mummy
 63898 | Tomb:1   | Killed a royal mummy
 63903 | Tomb:1   | Killed a royal mummy
 63908 | Tomb:1   | Killed a royal mummy
 63998 | Tomb:1   | Noticed a royal mummy
 64010 | Tomb:1   | Killed a royal mummy
 64067 | Tomb:1   | Noticed a royal mummy
 64069 | Tomb:1   | Noticed a royal mummy
 64076 | Tomb:1   | Killed a royal mummy
 64082 | Tomb:1   | Killed a royal mummy
 64083 | Tomb:1   | Reached skill level 24 in Fighting
 64129 | Tomb:1   | Noticed a royal mummy
 64136 | Tomb:1   | Noticed a royal mummy
 64139 | Tomb:1   | Killed a royal mummy
 64149 | Tomb:1   | Killed a royal mummy
 64203 | Tomb:1   | Noticed a royal mummy
 64210 | Tomb:1   | Killed a royal mummy
 64271 | Tomb:1   | Noticed a royal mummy
 64277 | Tomb:1   | Killed a royal mummy
 64301 | Tomb:1   | Noticed a royal mummy
 64306 | Tomb:1   | Killed a royal mummy
 64378 | Tomb:1   | Noticed a royal mummy
 64385 | Tomb:1   | Killed a royal mummy
 64386 | Tomb:1   | Noticed a royal mummy
 64394 | Tomb:1   | Killed a royal mummy
 64437 | Tomb:1   | Noticed a royal mummy
 64447 | Tomb:1   | Killed a royal mummy
 64508 | Tomb:1   | Noticed a royal mummy
 64510 | Tomb:1   | Noticed a royal mummy
 64510 | Tomb:1   | Noticed a royal mummy
 64589 | Tomb:1   | Noticed a royal mummy
 64594 | Tomb:1   | Killed a royal mummy
 64604 | Tomb:1   | Killed a royal mummy
 64612 | Tomb:1   | Killed a royal mummy
 64616 | Tomb:1   | Killed a royal mummy
 64619 | Tomb:1   | Noticed a royal mummy
 64654 | Tomb:1   | Killed a royal mummy
 64676 | Tomb:1   | Noticed a royal mummy
 64700 | Tomb:1   | Killed a royal mummy
 64771 | Tomb:1   | Noticed a royal mummy
 64781 | Tomb:1   | Killed a royal mummy
 64782 | Tomb:1   | Reached skill level 10 in Throwing
 64871 | Tomb:1   | Noticed a royal mummy
 64874 | Tomb:1   | Noticed a royal mummy
 64875 | Tomb:1   | Noticed a royal mummy
 64880 | Tomb:1   | Killed a royal mummy
 64888 | Tomb:1   | Killed a royal mummy
 64922 | Tomb:1   | Killed a royal mummy
 65034 | Tomb:1   | Noticed a royal mummy
 65040 | Tomb:1   | Killed a royal mummy
 65233 | Tomb:3   | Entered Level 3 of the Tomb of the Ancients
 65243 | Tomb:3   | Noticed a royal mummy
 65243 | Tomb:3   | Noticed a royal mummy
 65245 | Tomb:3   | Noticed a royal mummy
 65246 | Tomb:3   | Noticed a royal mummy
 65249 | Tomb:3   | Noticed a royal mummy
 65253 | Tomb:3   | Noticed a royal mummy
 65253 | Tomb:3   | Noticed a royal mummy
 65257 | Tomb:3   | Noticed a royal mummy
 65257 | Tomb:3   | The Shining One protects you from harm!
 65257 | Tomb:3   | HP: 4/192 [royal mummy/divine providence (10)]
 65266 | Tomb:3   | Found the amulet of Vitality {RegenMP++ Regen++}
 65271 | Tomb:3   | Paralysed by a Zot trap for 4 turns
 65935 | Zot:1    | Entered Level 1 of the Realm of Zot
 66008 | Zot:1    | Reached skill level 10 in Evocations
 66533 | Zot:1    | Upgraded the game from 0.30-a0-986-g7f2e898f52 to
                  | 0.30-a0-989-g0d87f670db
 66560 | Zot:1    | Lost mutation: You are partially covered in iridescent
                  | scales. (AC +2) [potion of mutation]
 66560 | Zot:1    | Lost mutation: You are strong-willed. (Will+) [potion of
                  | mutation]
 66560 | Zot:1    | Gained mutation: You have hidden genetic potential. [potion
                  | of mutation]
 66560 | Zot:1    | Gained mutation: You have an increased reservoir of magic.
                  | (+10% MP) [potion of mutation]
 66651 | Zot:1    | Identified the +1 leather armour of Eternity {Rampage rN+++
                  | Int-2 SInv}
 67287 | Zot:2    | Found a transporter.
 67291 | Zot:2    | Found a transporter.
 67294 | Zot:2    | Found a transporter.
 67298 | Zot:2    | Found a transporter.
 67914 | Zot:3    | Identified the ring "Epongiom" {Int+3 Slay+4}
 68150 | Zot:3    | Found a transporter.
 68150 | Zot:3    | Found a transporter.
 68152 | Zot:3    | Found a transporter.
 68327 | Zot:3    | Found a transporter.
 68475 | Zot:4    | Reached skill level 25 in Fighting
 69330 | Zot:4    | Found a runed translucent door.
 69331 | Zot:4    | Found a shimmering altar of Xom.
 69331 | Zot:4    | Noticed Rifisioch's ghost (veteran TrCK)
 69331 | Zot:4    | Identified the +10 morningstar "Raloun" {chaos, *Noise
                  | rElec Str+7}
 69369 | Zot:4    | Killed Rifisioch's ghost
 69371 | Zot:4    | Identified the staff of cold "Seshic Lepo" {rElec rPois rC+
                  | rN+++ Dex-5}
 69375 | Zot:4    | Identified the +10 great sword "Ytoob" {protect, *Slow
                  | rElec Str+5}
 69550 | Zot:5    | Entered Level 5 of the Realm of Zot
 69575 | Zot:5    | Noticed an ancient lich
 69582 | Zot:5    | Killed an ancient lich
 69586 | Zot:5    | Noticed a dread lich
 69631 | Zot:5    | Gained mutation: You occasionally shout uncontrollably at
                  | your foes. [mutagenic glow]
 69887 | Hell     | Entered the Vestibule of Hell
 69887 | Hell     | Noticed Geryon
 69896 | Hell     | Killed Geryon
 69902 | Hell     | Found a gateway to the freezing wastes of Cocytus.
 70152 | Hell     | Found a gateway to the ashen valley of Gehenna.
 70286 | Hell     | Found a gateway to the decaying netherworld of Tartarus.
 70391 | Hell     | Reached skill level 10 in Transmutations
 70417 | Hell     | Found a gateway to the Iron City of Dis.
 70535 | Tar:1    | Entered Level 1 of Tartarus
 70548 | Tar:1    | Lost mutation: You are dopey. (Int -2) [hidden potential]
 71088 | Tar:3    | Noticed a dread lich
 71095 | Tar:3    | Killed a dread lich
 71899 | Tar:7    | Entered Level 7 of Tartarus
 72060 | Tar:7    | Noticed an ancient lich
 72067 | Tar:7    | Killed an ancient lich
 72068 | Tar:7    | Reached skill level 15 in Spellcasting
 72519 | Tar:7    | Reached skill level 26 in Fighting
 72543 | Tar:7    | Reached skill level 1 in Earth Magic
 72905 | Tar:7    | Noticed Ereshkigal
 72908 | Tar:7    | Paralysed by Ereshkigal for 5 turns
 72912 | Tar:7    | Gained mutation: Your flesh is heat resistant. (rF+)
                  | [hidden potential]
 72912 | Tar:7    | Lost mutation: You have hidden genetic potential. [hidden
                  | potential expressed]
 72930 | Tar:7    | Killed Ereshkigal
 73137 | Tar:7    | Identified the staff of fire "Fyufiwiz" {rElec rPois rF+
                  | rC- Str+3}
 73139 | Tar:7    | Got the Codex of Support and Impulse
 73142 | Tar:7    | Identified the +0 pair of gloves of Coskil {Drain rC-
                  | Will+++ MP+9}
 73144 | Tar:7    | Identified the +4 troll leather armour of Koismou {rElec
                  | rF++ Regen+ Str-4 Dex+3}
 73508 | Tar:7    | Identified the ring "Aptegog" {rElec rN++ Dex+6}
 73645 | Tar:7    | Reached skill level 5 in Earth Magic
 73995 | Tar:7    | Found the ring of the Mage {Wiz Archmagi}
 73998 | Tar:7    | Identified the +9 dagger "Biapir" {freeze, Fly rC+ Str+2
                  | Dex+5}
 74004 | Tar:7    | Identified the ring "Horaeluo" {rCorr Str+5 SInv}
 74007 | Tar:7    | Got a bone rune of Zot
 74011 | Tar:7    | Identified the staff of earth "Emoaram" {rF+ Int+4}
 74013 | Tar:7    | Got the Handbook of Airy Sculpting
 74018 | Tar:7    | Identified the +3 hand crossbow "Nim Mept" {freeze, rF- rC+
                  | rCorr}
 74019 | Tar:7    | Identified the +5 flail of Toom Samp {vamp, Str+7}
 74391 | Orc:2    | Bought a scroll of summoning for 237 gold pieces
 74391 | Orc:2    | Bought a potion of might for 100 gold pieces
 74391 | Orc:2    | Bought a potion of curing for 75 gold pieces
 74652 | D:3      | Bought a potion of might for 40 gold pieces
 74652 | D:3      | Bought 3 potions of curing for 90 gold pieces
 74652 | D:3      | Bought a potion of berserk rage for 50 gold pieces
 74652 | D:3      | Bought a potion of mutation for 80 gold pieces
 74704 | D:3      | Bought a potion of curing for 42 gold pieces
 74704 | D:3      | Bought a potion of heal wounds for 70 gold pieces
 74704 | D:3      | Bought a potion of brilliance for 56 gold pieces
 74704 | D:3      | Bought a potion of berserk rage for 70 gold pieces
 74704 | D:3      | Bought a potion of berserk rage for 70 gold pieces
 74704 | D:3      | Bought 2 potions of heal wounds for 140 gold pieces
 74704 | D:3      | Bought a potion of magic for 112 gold pieces
 75576 | Vaults:4 | Bought a scorched chain mail for 408 gold pieces
 75576 | Vaults:4 | Identified the +8 chain mail of the Clean God {rF+} (You
                  | bought it in a shop on level 4 of the Vaults)
 75980 | Geh:1    | Entered Level 1 of Gehenna
 76440 | Geh:2    | Learned a level 2 spell: Passwall
 76445 | Geh:2    | Learned a level 4 spell: Leda's Liquefaction
 77949 | Geh:6    | Found a runed translucent gate.
 77949 | Geh:6    | Found a runed translucent gate.
 77949 | Geh:6    | Found a runed translucent gate.
 77950 | Geh:6    | Found a runed translucent gate.
 77950 | Geh:6    | Found a runed translucent gate.
 77951 | Geh:6    | Found a runed translucent gate.
 77951 | Geh:6    | Found a runed translucent gate.
 77952 | Geh:6    | Found a runed translucent gate.
 77952 | Geh:6    | Found a runed translucent gate.
 77953 | Geh:6    | Found a runed translucent gate.
 77953 | Geh:6    | Found a runed translucent gate.
 77953 | Geh:6    | Found a runed translucent gate.
 78086 | Geh:7    | Entered Level 7 of Gehenna
 78105 | Geh:7    | Reached skill level 15 in Shields
 78247 | Geh:7    | Reached skill level 27 in Fighting
 78478 | Geh:7    | Reached skill level 15 in Translocations
 78638 | Geh:7    | Identified the staff of earth "Pananor" {Dex+3}
 78672 | Geh:7    | Identified the staff of cold "Gotayll" {rC+ Int+2}
 78951 | Geh:7    | Found the +7 sceptre of Asmodeus
 78951 | Geh:7    | Noticed Asmodeus
 78971 | Geh:7    | Killed Asmodeus
 79008 | Geh:7    | Got an obsidian rune of Zot
 79179 | Dis:1    | Entered Level 1 of the Iron City of Dis
 79193 | Dis:1    | You are sucked into a shaft and drop 1 floor!
 80824 | Zot:5    | Noticed an ancient lich
 80843 | Zot:5    | Killed an ancient lich
 80917 | Zot:5    | Noticed an orb of fire
 80948 | Zot:5    | Killed an orb of fire
 80974 | Zot:5    | Noticed an ancient lich
 80977 | Zot:5    | Noticed an orb of fire
 80999 | Zot:5    | Killed an orb of fire
 81070 | Zot:5    | Noticed an orb of fire
 81082 | Zot:5    | Gained mutation: You occasionally lose the ability to read
                  | scrolls when taking damage. [an orb of fire]
 81085 | Zot:5    | Gained mutation: Your body sometimes deteriorates upon
                  | taking damage. [an orb of fire]
 81087 | Zot:5    | Gained mutation: You have sharp fingernails. [an orb of
                  | fire]
 81088 | Zot:5    | Killed an orb of fire
 81177 | Zot:5    | Lost mutation: You occasionally shout uncontrollably at
                  | your foes. [potion of mutation]
 81177 | Zot:5    | Lost mutation: You occasionally lose the ability to read
                  | scrolls when taking damage. [potion of mutation]
 81177 | Zot:5    | Gained mutation: You expend magic power (3 MP) to
                  | strengthen your wands. [potion of mutation]
 81177 | Zot:5    | Gained mutation: You have a pair of small antennae on your
                  | head. [potion of mutation]
 81178 | Zot:5    | Lost mutation: You are vulnerable to cold. (rC-) [potion of
                  | mutation]
 81178 | Zot:5    | Lost mutation: You have a pair of small antennae on your
                  | head. [potion of mutation]
 81178 | Zot:5    | Lost mutation: Your body sometimes deteriorates upon taking
                  | damage. [potion of mutation]
 81178 | Zot:5    | Gained mutation: You have large cloven feet. [potion of
                  | mutation]
 81178 | Zot:5    | Gained mutation: Your muscles are strong. (Str +4, Int/Dex
                  | -1) [potion of mutation]
 81381 | Coc:1    | Entered Level 1 of Cocytus
 81492 | Coc:1    | Noticed an ancient lich
 81493 | Coc:1    | Noticed an ancient lich
 81495 | Coc:1    | Noticed an ancient lich
 81504 | Coc:1    | Killed an ancient lich
 81510 | Coc:1    | Killed an ancient lich
 81512 | Coc:1    | Killed an ancient lich
 81877 | Coc:3    | Learned a level 5 spell: Lee's Rapid Deconstruction
 82327 | Coc:4    | You are sucked into a shaft and drop 2 floors!
 82693 | Coc:7    | Entered Level 7 of Cocytus
 82758 | Coc:7    | Noticed the Serpent of Hell
 82786 | Coc:7    | Killed the Serpent of Hell
 82805 | Coc:7    | Paralysed by a wendigo for 1 turns
 82816 | Coc:7    | The Shining One protects you from harm!
 82818 | Coc:7    | HP: 5/199 [shard shrike (6)]
 82820 | Coc:7    | Slain by a tentacle

Illustrated notes

Levels and vault maps discovered:
D:1:      dpeg_arrival_line_fractal, layout_loops_cross,
          hellmonk_ecumenical_altar_zigzags
D:2:      layout_basic
D:3:      layout_basic, nicolae_overflow_squiral,
          nicolae_dithmenos_the_darkroom, serial_shops,
          nicolae_shop_advertising_works [nicolae_subvault_shop_adworks],
          nicolae_shop_waterfront, shop, nicolae_shop_hallway_plus, shop
D:4:      layout_loops_ring
D:5:      layout_loops_corners, lemuel_round_altar, lemuel_doored_altar,
          minmay_temple_entry_hall, nicolae_ossuary_entry_catacombs,
          minmay_small_thing
D:6:      layout_basic, gammafunk_temple_overflow_claw, serial_corexii_hall,
          chequers_hall_statues_wall_a, corexii_hall_statues_u,
          corexii_hall_statues_t
D:7:      minmay_clustersquares, layout_basic, enter_bailey_4,
          grunt_ministairs_11
D:8:      layout_cave_pools, minmay_misc_feat_cross, nrook_mini_backslash,
          lightli_orcish_oven, uniq_joseph, uniq_grum, uniq_psyche, uniq_maggie
D:9:      layout_stronghold, minmay_ruined_shrine
D:10:     layout_roguey, nicolae_tso_carved_into_rock, zin_scriptorium,
          minmay_lair_entry_grove, gammafunk_ghost_necromancy
D:11:     layout_roguey, gammafunk_ghost_abyssal_escape, serial_shops,
          nicolae_shop_behind_doors
D:12:     layout_gridville, orc_0_dummy, minmay_circle_x
D:13:     layout_roguey [special_room_bee], uniq_snorg
D:14:     layout_cave_pools, grunt_vaults_entry_tiered, gammafunk_ghost_smash,
          okawaru_ov_weapons_minmay
D:15:     gammafunk_enter_depths_forms, layout_rooms,
          nicolae_hepliaklqana_hippocampus, dreamdust_deal_with_the_devil
Lair:1:   minmay_lair_venomous_thicket, layout_layer_cave,
          nicolae_volcano_entry_s_turn, grunt_megastairs_5, uniq_sonja,
          uniq_amaemon
Lair:2:   layout_gridlike, nicolae_spider_entry_tight_spaces,
          serial_bayou_ford_a, lemuel_fruit_fields, infiniplex_staircase_pool_2
Lair:3:   layout_loops_ring, swamp_mist_pool, grunt_megastairs_3, uniq_nergalle,
          uniq_gastronok
Lair:4:   layout_regular_city, dpeg_slime_entry_corner,
          infiniplex_staircase_pool, grunt_megastairs_1
Lair:5:   evilmike_catoblepas_cave, layout_gridlike, fungi_pond_lemuel,
          serial_bayou_shore_b
Swamp:1:  layout_falls_marsh, nicolae_swamp_trees_clearing,
          statue_in_the_mist_lemuel, uniq_louise, uniq_nikola, uniq_donald
Swamp:2:  layout_falls_marsh, serial_swamp_ruin, evilmike_swamp_ruin_house_2,
          evilmike_swamp_ruin_house_4, evilmike_swamp_ruin_rubble_2, swamp_pool1
Swamp:3:  layout_basic_swamp, evilmike_swamp_ruin_wall
Swamp:4:  swamp_alternative, layout_basic_swamp, roderic_carrion_pond
Spider:1: layout_cave_pods, special_room
Spider:2: layout_spider_delve
Spider:3: nicolae_spider_hilbert_zone_5 [nicolae_spider_hilbert_3_sides_1_open,
          nicolae_spider_hilbert_4_sides_1_open,
          nicolae_spider_hilbert_4_sides_1_open,
          nicolae_spider_hilbert_6_sides_1_open,
          nicolae_spider_hilbert_6_sides_1_open],
          hangedman_spider_tarantella_strand
Spider:4: spider_rune_water, spiders_nest_spider_trap, uniq_arachne
Slime:1:  cheibrodos_slime_lost_civilization_10, layout_caves
Slime:2:  layout_caves
Slime:3:  nicolae_slime_pool, layout_caves, nicolae_slime_phagocytosis
Slime:4:  layout_caves, nicolae_slime_barrier
Slime:5
Orc:1:    layout_caves, uniq_jorgrun
Orc:2:    st_orc_open, layout_diamond_mine, gauntlet_entry_generic, uniq_nessos
Elf:1:    eino_elf_arrival_altar, layout_onion_city, minmay_elf_necromancy
Elf:2:    elven_hall_of_blades_hangedman_original [mumra_blade_entry_dagger],
          layout_gridlike, serial_shops, nicolae_shop_statue_plus, uniq_asterion
Elf:3:    minmay_elf_hall, layout_onion_city, ebering_ghost_gozag, uniq_roxanne
Vaults:1: v_misc_4, vaults_room_octagon, v_alt_pattern_3,
          nicolae_vaults_branching_niches, ontoclasm_vaults_tryst, v_misc_12,
          nicolae_vaults_border_crossing, grunt_vaults_diagonal,
          vaults_room_pools, vaults_room_door_ring, vaults_dpeg_ring,
          layout_vaults_omnicross, uniq_zenata
Vaults:2: nicolae_vaults_windows_and_doors_thing, st_lattice, v_alt_pattern_6,
          ontoclasm_vaults_loading_screen, ontoclasm_vaults_shuriken,
          vaults_dpeg_diagonal, nicolae_vaults_mini_display_case,
          vaults_dpeg_hooks, ontoclasm_vaults_chip, nicolae_vaults_shelves_hall,
          layout_vaults_chaotic_city
Vaults:3: nicolae_vaults_inception_network, blue_anna_dwarven_crypt,
          nicolae_vaults_big_angled_halls, hangedman_vaults_river_flow,
          v_misc_31, vaults_mumra_chevron_long, v_rooms_4,
          vaults_mumra_minichess, hangedman_vaults_impose,
          nicolae_vaults_little_ls, v_rooms_2, vaults_room_door_ring, v_misc_28,
          layout_vaults_maze_bifur, uniq_sojobo
Vaults:4: nicolae_vaults_gold_heap, hangedman_vaults_hat,
          nicolae_vaults_asterisk, nicolae_vaults_ninety_degrees, v_rooms_6,
          st_cells, serial_ice_g, layout_vaults_omnigrid, serial_shops,
          nicolae_square_shop, uniq_boris
Vaults:5
Crypt:1:  layout_chaotic_city, grunt_megastairs_4,
          grunt_crypt_arrival_guarded_gate
Crypt:2:  layout_catacombs, st_stairs_1, nrook_guardian_serpent_ordinary,
          uniq_margery
Crypt:3:  lightli_unholy_cathedral, layout_chaotic_city, grunt_megastairs_2,
          uniq_frederick
Tomb:1
Tomb:2
Tomb:3
Depths:1: layout_honeycomb, enter_ziggurat_d, grunt_hell_entry_dis_mu,
          serial_shops, nicolae_take_the_stairs,
          grunt_guarded_unrand_obsidian_axe
Depths:2: minmay_the_grid_square_5x5_4x4
          [minmay_the_grid_square_5x5_two_walls_b,
          minmay_the_grid_square_5x5_shuriken,
          minmay_the_grid_square_5x5_inner_v, minmay_the_grid_square_5x5_fat_x,
          minmay_the_grid_square_5x5_beaten_path,
          minmay_the_grid_square_5x5_prize_snowflake,
          minmay_the_grid_square_5x5_prize_pseudospiral,
          minmay_the_grid_square_5x5_moneybag,
          minmay_the_grid_square_5x5_shrine2,
          minmay_the_grid_square_5x5_prize_gold,
          minmay_the_grid_square_5x5_prize_monsterx,
          minmay_the_grid_square_5x5_checkered_statues,
          minmay_the_grid_square_5x5_fancy_junction,
          minmay_the_grid_square_5x5_minivault,
          minmay_the_grid_square_5x5_inverted_slash,
          minmay_the_grid_square_5x5_half_checkered], layout_gridlike,
          hell_entry, rand_demon_pan_entry_8, grunt_gozag_breadcrumbs,
          minmay_staircase_statues_hall_small, serial_bayou_shore_b, uniq_vv,
          uniq_mara
Depths:3: due_jory_tower, layout_cave_shapes, hell_entry,
          serial_sigils_hangedman_gnaw, abyss_entry, uniq_josephina
Depths:4: grunt_bruiser_brothers, layout_basic, hell_entry,
          hangedman_decor_riveting, abyss_entry
Hell
Dis:1:    layout_jigsaw
Dis:2:    layout_jigsaw
Dis:3:    layout_gridville
Geh:1:    layout_gehenna_pools_triple
Geh:2:    layout_gehenna_lava_caves
Geh:3:    layout_gehenna_pools_triple
Geh:4:    layout_gehenna_lava_caves, nicolae_geh_rippling_lava
Geh:5:    layout_gehenna_lava_caves, lemuel_hellion_isle
Geh:6:    layout_gehenna_pools_box, nicolae_geh_backdraft
Geh:7:    evilmike_geh
Coc:1:    layout_ice_bergs, nicolae_hells_leichenhalle
Coc:2:    layout_cocytus_delve
Coc:3:    layout_ice_bergs
Coc:4:    layout_cocytus_delve
Coc:6:    layout_ice_bergs, nicolae_hells_seeping_fissure
Coc:7:    coc_hangedman
Tar:1:    layout_grid_maze, nicolae_tar_spectre_spectrum
Tar:2:    layout_honeycomb, nicolae_tar_cuneiform_bird
Tar:3:    layout_cathedral_of_symmetry
Tar:4:    layout_honeycomb
Tar:5:    layout_grid_maze
Tar:6:    layout_honeycomb
Tar:7:    tar_minmay_river
Zot:1:    layout_cathedral_of_symmetry, zot_minivault_1
Zot:2:    layout_cellular_growth, nicolae_transporter_circle
Zot:3:    layout_misc_corridors, hangedman_zot_wheel_spokes,
          nicolae_diode_quadrants, uniq_grunn
Zot:4:    layout_concentric_octagons, ebering_ghost_xom
Zot:5:    layout_misc_corridors

Skill      XL: |  1  2  3  4  5  6  7  8  9 10 11 12 13 14 15 16 17 18 19 20 21 22 23 24 25 26 27 |
---------------+----------------------------------------------------------------------------------+-----
Invocations    | 1 2 3 4 6 8 9 11 12 13 14 15 17 | 17.7
Armour         | 4 5 7 8 10 11 12 13 14 15 16 17 18 23 | 23.2
Shields        | 4 5 6 7 9 10 11 12 13 14 20 | 20.3
Maces & Flails | 3 4 5 6 8 9 10 11 12 13 15 16 18 | 18.6
Fighting       | 4 5 6 7 9 10 11 12 14 15 16 17 18 19 20 21 22 27 | 27.0
Throwing       | 3 4 5 6 11 | 11.8
Translocations | 2 5 9 11 12 13 14 16 | 16.1
Summonings     | 2 4 7 8 9 10 11 | 11.9
Spellcasting   | 2 4 7 8 9 10 11 12 13 14 15 | 15.0
Air Magic      | 2 4 7 8 9 10 12 | 12.0
Hexes          | 5 7 8 9 10 12 | 12.0
Dodging        | 3 5 7 9 14 | 14.7
Transmutations | 2 4 6 8 12 | 12.0
Evocations     | 4 11 | 11.3
Earth Magic    | 8 |  8.3

Action                     |  1- 3 |  4- 6 |  7- 9 | 10-12 | 13-15 | 16-18 | 19-21 | 22-24 | 25-27 || total
---------------------------+-------+-------+-------+-------+-------+-------+-------+-------+-------++-------
  Melee: Flail             |   100 |   145 |   447 |   500 |       |       |       |       |       ||  1192
         Whip              |       |       |    59 |       |       |       |       |       |       ||    59
         Morningstar       |       |       |       |   139 |   963 |  1415 |  1019 |  1754 |   761 ||  6051
         Eveningstar       |       |       |       |       |       |       |   482 |    31 |  3063 ||  3576
  Throw: Boomerang         |       |       |       |    32 |    17 |   107 |    98 |   181 |       ||   435
         Throwing net      |       |       |       |     1 |     1 |     3 |       |       |       ||     5
         Dart              |       |       |       |       |    32 |     1 |       |       |       ||    33
         Javelin           |       |       |       |       |     3 |     9 |     3 |     7 |     6 ||    28
   Cast: Manifold Assault  |       |       |       |       |       |     4 |    73 |   170 |   491 ||   738
         Blink             |       |       |       |       |       |     2 |     2 |     5 |    23 ||    32
         Vhi's Electric Ch |       |       |       |       |       |       |    20 |   100 |   439 ||   559
         Swiftness         |       |       |       |       |       |       |     2 |     1 |     2 ||     5
         Summon Forest     |       |       |       |       |       |       |       |    15 |    14 ||    29
         Summon Mana Viper |       |       |       |       |       |       |       |     4 |    10 ||    14
         Silence           |       |       |       |       |       |       |       |       |    25 ||    25
         Yara's Violent Un |       |       |       |       |       |       |       |       |    22 ||    22
         Animate Armour    |       |       |       |       |       |       |       |       |     6 ||     6
         Lee's Rapid Decon |       |       |       |       |       |       |       |       |     1 ||     1
         Leda's Liquefacti |       |       |       |       |       |       |       |       |     1 ||     1
 Invoke: Recite            |       |     2 |    18 |    23 |    31 |    37 |       |       |       ||   111
         Vitalisation      |       |     1 |     1 |     5 |     3 |    10 |       |       |       ||    20
         Imprison          |       |       |       |     1 |     3 |     2 |       |       |       ||     6
         Sanctuary         |       |       |       |       |     2 |     2 |       |       |       ||     4
         Cleansing Flame   |       |       |       |       |       |       |    17 |     5 |    72 ||    94
         Divine Shield     |       |       |       |       |       |       |    14 |     9 |    25 ||    48
         Brand Weapon With |       |       |       |       |       |       |     1 |       |       ||     1
         Summon Divine War |       |       |       |       |       |       |     6 |     2 |    63 ||    71
  Evoke: Wand              |       |       |       |     2 |       |     9 |     7 |       |     1 ||    19
         Lightning rod     |       |       |       |       |       |     1 |     4 |       |     1 ||     6
         Tin of tremorston |       |       |       |       |       |       |     2 |       |       ||     2
         Phial of floods   |       |       |       |       |       |       |       |       |     2 ||     2
         Box of beasts     |       |       |       |       |       |       |       |       |     1 ||     1
         Condenser vane    |       |       |       |       |       |       |       |       |     2 ||     2
         Phantom mirror    |       |       |       |       |       |       |       |       |     1 ||     1
    Use: Scroll            |     1 |     3 |     8 |    15 |    11 |     7 |     4 |     4 |    36 ||    89
         Potion            |       |     1 |     4 |       |     2 |    12 |     3 |     9 |    32 ||    63
   Stab: Confused          |       |       |     2 |     1 |     9 |    11 |       |       |       ||    23
         Paralysed         |       |       |     1 |     6 |    21 |     5 |       |       |       ||    33
         Invisible         |       |       |     1 |     1 |       |    10 |       |       |       ||    12
         Distracted        |       |       |       |       |       |     1 |       |       |       ||     1
 Armour: Scale mail        |    67 |       |       |       |       |       |       |       |       ||    67
         Chain mail        |     2 |    98 |   372 |   355 |       |       |    85 |       |       ||   912
         Plate armour      |       |       |       |    81 |   699 |   735 |   597 |   786 |  1240 ||  4138
         Crystal plate arm |       |       |       |       |       |   785 |       |       |       ||   785
         Gold dragon scale |       |       |       |       |       |       |       |       |  1103 ||  1103
  Dodge: Dodged            |    56 |    60 |   152 |   193 |   241 |   456 |   371 |   453 |  1033 ||  3015
  Block: Buckler           |    28 |    27 |    92 |       |       |       |       |       |       ||   147
         Kite shield       |       |       |    48 |   352 |   593 |  1252 |   982 |   914 |  2406 ||  6547
         Reflection        |       |       |       |       |     6 |       |       |    17 |       ||    23

Table legend: (Time is in decaauts)
 A = Elapsed time spent in this place.
 B = Non-inter-level travel time spent in this place.
 C = Inter-level travel time spent in this place.
 D = Time resting spent in this place.
 E = Time spent auto-exploring this place.
 F = Levels seen in this place.
 G = Mean time per level.
                   A        B        C        D        E       F      G
               +--------+--------+--------+--------+--------+-----+--------+
         Total |  81667 |  71757 |   9910 |   5362 |  43160 |  90 |  907.4 |
       Dungeon |  16105 |  13200 |   2905 |    255 |   8777 |  15 | 1073.7 |
          Lair |   6054 |   5068 |    986 |    212 |   3787 |   5 | 1210.8 |
         Swamp |   3401 |   3080 |    321 |    360 |   1595 |   4 |  850.2 |
   Spider Nest |   3670 |   3551 |    119 |    364 |   1868 |   4 |  917.5 |
    Slime Pits |   4569 |   4152 |    417 |    781 |   2462 |   5 |  913.8 |
  Orcish Mines |   2060 |   1697 |    363 |      5 |   1223 |   2 | 1030.0 |
   Elven Halls |   5344 |   4848 |    496 |    455 |   3032 |   3 | 1781.3 |
        Vaults |   9908 |   8472 |   1436 |    217 |   5867 |   5 | 1981.6 |
         Crypt |   3834 |   3436 |    398 |     49 |   2838 |   3 | 1278.0 |
          Tomb |   2933 |   2773 |    160 |    984 |      0 |   3 |  977.7 |
        Depths |   6715 |   5469 |   1246 |    375 |   3349 |   4 | 1678.8 |
          Hell |    900 |    802 |     98 |     91 |    416 |   1 |  900.0 |
           Dis |    769 |    759 |     10 |    367 |     34 |   3 |  256.3 |
       Gehenna |   3066 |   2892 |    174 |    242 |   1527 |   7 |  438.0 |
       Cocytus |   1396 |   1313 |     83 |     30 |    882 |   6 |  232.7 |
      Tartarus |   3491 |   3283 |    208 |      6 |   2249 |   7 |  498.7 |
           Zot |   4899 |   4415 |    484 |    469 |   2877 |   5 |  979.8 |
         Abyss |   1598 |   1598 |      0 |     42 |      0 |   5 |  319.6 |
       Ossuary |    229 |    229 |      0 |      0 |    103 |   1 |  229.0 |
       Volcano |    249 |    249 |      0 |     17 |     64 |   1 |  249.0 |
      Gauntlet |    468 |    468 |      0 |     39 |    208 |   1 |  468.0 |
               +--------+--------+--------+--------+--------+-----+--------+

Top non-repeatable levels by time:
Vaults:3: 2407 daAuts
   Tar:7: 2159 daAuts
Vaults:1: 2137 daAuts
   Elf:1: 2112 daAuts
  Tomb:1: 1986 daAuts
   Elf:3: 1969 daAuts
Vaults:4: 1944 daAuts
Vaults:2: 1879 daAuts
Depths:1: 1852 daAuts
Depths:2: 1825 daAuts
  Lair:1: 1741 daAuts
Depths:4: 1689 daAuts
  Lair:2: 1579 daAuts
Vaults:5: 1540 daAuts
 Crypt:3: 1440 daAuts
